 Dungeon Crawl Stone Soup version 0.17-a0-2093-gc772f4b (webtiles) character file.

11400455 Zebura the Conqueror (level 27, 174/174 HPs)
             Began as a Vine Stalker Assassin on Oct 14, 2015.
             Was an Initiate of Gozag.
             Escaped with the Orb
             ... and 15 runes on Oct 16, 2015!
             The game lasted 13:37:23 (147802 turns).

Zebura the Conqueror (Vine Stalker Assassin)      Turns: 147802, Time: 13:37:23

Health: 174/174    AC: 23    Str: 25    XL:     27
Magic:  53/53      EV: 40    Int: 11    God:    Gozag
Gold:   4348       SH:  9    Dex: 27    Spells: 18 memorised, 1 level left

rFire  + . .     SeeInvis +     A - +9 quick blade (pierce)
rCold  + . .     Clarity  +     m - +5 robe of vines {DeviceHeal--- Regen++++++}
rNeg   + . .     SustAt   .     w - -3 buckler of a ziggurat {rN+ Regen+}
rPois  .         Gourm    .     E - +3 helmet of the Spheres {MR+ Regen+}
rElec  .         Spirit   +     D - +1 cloak of Lecwes {Regen+}
rCorr  .         Warding  .     P - +2 pair of gloves "Xuhig" {+Blink Dex+2 SInv Stlth+}
rMut   .         Stasis   .     U - +0 pair of boots of the Thirteen Wonders {Regen+ SInv}
MR     +++++                    i - amulet of Onimosmi {Clar MR++ Str+3 Dex-5 Slay+5}
Stlth  ++++......               g - ring "Esiofil" {rF+ rC+ Str+2 Dex+7}
                                I - +5 ring of slaying

@: almost entirely resistant to hostile enchantments, stealthy
A: fangs 3, regeneration 3, magic shield, antimagic bite, no device heal 3, rot
immunity
a: Potion Petition, Call Merchant, Bribe Branch, Renounce Religion, Evoke Blink
0: Orb of Zot
}: 15/15 runes: decaying, serpentine, slimy, silver, golden, iron, obsidian,
icy, bone, abyssal, demonic, glowing, magical, fiery, dark


You escaped.
You worshipped Gozag.
Gozag was noncommittal.
You were not hungry.

You visited 18 branches of the dungeon, and saw 95 of its levels.
You visited Pandemonium 7 times, and saw 40 of its levels.
You visited the Abyss 2 times.
You visited 1 bazaar.
You visited 2 ziggurats (completing 1), and saw 44 of their levels.
You also visited: Labyrinth, Trove, Ossuary, Bailey and Volcano.

You collected 97479 gold pieces.
You spent 20079 gold pieces at shops.
You paid 73052 gold pieces to Gozag.

Inventory:

Hand Weapons
 e - the +12 falchion of the Solstice {slice, -Tele *Corrode rPois rN+}
   (You found it on level 5 of the Realm of Zot)

   It inflicts extra damage upon your enemies.
   It protects you from poison.
   It protects you from negative energy.
   It prevents most forms of teleportation.
   It may corrode your equipment when you take damage.
 r - a +9 executioner's axe of chopping
 A - a +9 quick blade of piercing (weapon)
 J - a +9 eudemon blade of holy wrath
 O - a +9 executioner's axe of pain
 T - the +10 blowgun of Doom {evade, rElec Str+4}
   (You found it on level 3 of the Tomb of the Ancients)

   It affects your evasion (+5 to EV).
   It affects your strength (+4).
   It insulates you from electricity.
Armour
 m - the +5 robe of vines (worn) {DeviceHeal--- Regen++++++}
   (You bought it in a shop on level 4 of the Orcish Mines)

   It increases your rate of regeneration.
 p - the +0 hat of Ru's Regard {rF+ rN+ Slay+3}
   (You found it on level 3 of the Vaults)

   It affects your accuracy and damage with ranged weapons and melee attacks
   (+3).
   It protects you from fire.
   It protects you from negative energy.
 w - the -3 buckler of a ziggurat (worn) {rN+ Regen+}
   (You found it on level 9 of a ziggurat)

   It protects you from negative energy.
   It increases your rate of regeneration.
 D - the +1 cloak of Lecwes (worn) {Regen+}
   (You found it on level 23 of a ziggurat)

   It increases your rate of regeneration.
 E - the +3 helmet of the Spheres (worn) {MR+ Regen+}
   (You bought it in a shop on level 4 of the Orcish Mines)

   It affects your resistance to hostile enchantments.
   It increases your rate of regeneration.
 G - the +2 shield of Resistance {rF+ rC+ MR+}
   (You took it off a deep elf death mage on level 3 of the Elven Halls)

   It protects you from fire.
   It protects you from cold.
   It affects your resistance to hostile enchantments.
 K - the +2 cloak "Doav" {rN++}
   (You found it on level 4 of a ziggurat)

   It greatly protects you from negative energy.
 L - the +2 pair of boots of the Ward {MP+9 Slay+2}
   (You found it in a treasure trove)

   It affects your accuracy and damage with ranged weapons and melee attacks
   (+2).
   It affects your magic capacity (+9).
 P - the +2 pair of gloves "Xuhig" (worn) {+Blink Dex+2 SInv Stlth+}
   (You found it in Pandemonium)

   It affects your dexterity (+2).
   It lets you see invisible.
   It lets you blink.
   It makes you more stealthy.
 U - the +0 pair of boots of the Thirteen Wonders (worn) {Regen+ SInv}
   (You found it on level 17 of a ziggurat)

   It lets you see invisible.
   It increases your rate of regeneration.
Jewellery
 g - the ring "Esiofil" (right hand) {rF+ rC+ Str+2 Dex+7}
   (You bought it in a shop on level 5 of the Depths)

   [ring of protection from fire]

   It affects your strength (+2).
   It affects your dexterity (+7).
   It protects you from fire.
   It protects you from cold.
 i - the amulet of Onimosmi (around neck) {Clar MR++ Str+3 Dex-5 Slay+5}
   (You bought it in a shop in the Vestibule of Hell)

   [amulet of clarity]

   It provides mental clarity.
   It affects your strength (+3).
   It affects your dexterity (-5).
   It affects your accuracy and damage with ranged weapons and melee attacks
   (+5).
   It affects your resistance to hostile enchantments.
 k - a +4 ring of slaying
 C - an uncursed amulet of resist mutation
 F - the amulet "Moxt" {Ward rPois rF+ rN+ Str+3 Stlth+}
   (You found it on level 3 of the Crypt)

   [amulet of warding]

   It may prevent the melee attacks of summoned creatures.
   It affects your strength (+3).
   It protects you from fire.
   It protects you from poison.
   It protects you from negative energy.
   It makes you more stealthy.
 H - the ring "Xem Esuh" {rElec rC+ Dex+2 Stlth+}
   (You bought it in a shop on level 2 of the Lair of Beasts)

   [ring of stealth]

   It affects your dexterity (+2).
   It protects you from cold.
   It insulates you from electricity.
   It makes you more stealthy.
 I - a +5 ring of slaying (left hand)
 S - the ring of Robustness {AC+8}
   (You found it on level 6 of the Pits of Slime)

   [ring of protection]

   It affects your AC (+8).
 V - the amulet of Suiz {+Rage rC++ Int+3}
   (You found it in Pandemonium)

   [amulet of rage]

   It affects your intelligence (+3).
   It greatly protects you from cold.
   It lets you go berserk.
 Z - the ring of Shadows {Umbra +Inv rN+ SInv}
   (You bought it in a shop on level 2 of the Vaults)

   [ring of invisibility]

   It protects you from negative energy.
   It lets you see invisible.
   It lets you turn invisible.
Wands
 d - a wand of hasting (9)
 s - a wand of disintegration (7)
 t - a wand of teleportation (7)
 Q - a wand of hasting (9)
Scrolls
 a - 6 scrolls of summoning
 c - 2 scrolls of torment
 n - 7 scrolls of silence
 o - 13 scrolls of fear
 q - 13 scrolls of blinking
 u - 43 scrolls of remove curse
 x - 20 scrolls of holy word
 y - 29 scrolls of fog
 B - 20 scrolls of teleportation
 M - 58 scrolls of identify
Potions
 b - a potion of magic
 f - 8 potions of agility
 h - 55 potions of curing
 j - 4 potions of might
 l - 15 potions of resistance
 v - 4 potions of haste
 z - 3 potions of cancellation
 W - 3 potions of cure mutation
 X - a potion of invisibility
 Y - 5 potions of flight
Comestibles
 N - 2 meat rations
 R - 21 bread rations


   Skills:
 O Level 27 Fighting
 - Level 23.8 Short Blades
 - Level 14.0 Throwing
 - Level 24.6 Armour
 O Level 27 Dodging
 O Level 27 Stealth
 + Level 23.7 Shields
 - Level 25.4 Spellcasting
 - Level 14.1 Hexes
 - Level 16.0 Charms
 - Level 22.8 Necromancy
 - Level 19.6 Translocations
 - Level 23.0 Transmutations
 - Level 4.3 Ice Magic
 - Level 9.1 Evocations


You had one spell level left.
You knew the following spells:

 Your Spells              Type           Power        Failure   Level  Hunger
a - Excruciating Wounds   Chrm/Necr      ######....   1%          5    ####...
b - Ozocubu's Armour      Chrm/Ice       #####...     1%          3    None
c - Corona                Hex            #####..      0%          1    None
d - Necromutation         Trmt/Necr      ######....   2%          8    #######
e - Dispel Undead         Necr           ######..     0%          5    ####...
f - Control Undead        Necr           ######....   0%          4    None
g - Haste                 Chrm           #####...     1%          6    #####..
h - Warp Weapon           Chrm/Tloc      ######....   1%          5    ####...
i - Regeneration          Chrm/Necr      ######....   0%          3    None
j - Spectral Weapon       Hex/Chrm       #####...     1%          3    None
k - Song of Slaying       Chrm           #####...     0%          2    None
l - Death Channel         Necr           ######....   1%          6    #####..
m - Petrify               Trmt/Erth      #####...     1%          4    None
n - Phase Shift           Tloc           ######....   1%          5    ####...
o - Darkness              Hex            #####.....   1%          6    #####..
p - Mass Confusion        Hex            #####.....   1%          6    #####..
q - Blink                 Tloc           N/A          0%          2    None
r - Apportation           Tloc           ######....   0%          1    None


Dungeon Overview and Level Annotations

Branches:
Dungeon (15/15)            Temple (1/1) D:6            Lair (8/8) D:8
  Swamp (4/4) Lair:5        Snake (4/4) Lair:5        Slime (6/6) Lair:6
    Orc (4/4) D:11            Elf (3/3) Orc:4        Vaults (5/5) D:14
  Crypt (3/3) Vaults:2       Tomb (3/3) Crypt:3      Depths (5/5) D:15
   Hell (1/1)                 Dis (7/7) Hell            Geh (7/7) Hell
    Coc (7/7) Hell            Tar (7/7) Hell            Zot (5/5) Depths:5

Altars:
Ashenzari
Cheibriados
Dithmenos
Elyvilon
Fedhas
Gozag
Kikubaaqudgha
Makhleb
Nemelex Xobeh
Okawaru
Qazlal
Ru
Sif Muna
Trog
Vehumet
Xom
Yredelemnul
Zin
The Shining One
Beogh
Jiyva

Shops:
D:6 ?   D:7 :   D:8 :   D:10 :   D:12 [   D:13 %   D:14 (   D:15 *   Orc:4 ([:!
Elf:1 (   Lair:2 (=*   Vaults:1 !   Vaults:2 :=   Vaults:3 [   Vaults:4 [(
Hell [(?[[*?=[*=   Depths:1 =%([([*(   Depths:2 [   Depths:4 *   Depths:5 ==

Portals:
Hell: Lair:8 Depths:1 Depths:2 Depths:3 Depths:4 Depths:5
Abyss: Depths:3 Depths:4
Pandemonium: Depths:1 Depths:3 Depths:4
Ziggurat: Depths:1

Annotations:
D:6 Rayvis's ghost, novice MiFi


Innate Abilities, Weirdness & Mutations

You have razor-sharp teeth.
You regenerate.
When hurt, damage is shared between your health and your magic reserves.
Your bite disrupts and absorbs the magic of your enemies.
Potions and wands cannot restore your health.
You are immune to rotting.


Message History

The kobold shouts!
You puncture the kobold!
You kill the kobold!
(D) Dungeon (T) Temple (L) Lair (S) Swamp (P) Snake Pit (M) Slime Pits (O) Orcish Mines (E) Elven Halls (V) Vaults (C) Crypt (W) Tomb (U) Depths (H) Hell (I) Dis (G) Gehenna (X) Cocytus (Y) Tartarus (Z) Zot
Where to? (* - list waypoints, Enter - D:1 @ (x,y), ? - help)
There is an open door here.
You see here a mace.
There is an open door here.
There is an open door here.
There is an open door here.
There is an open door here.
There is an open door here.
There is an open door here.
There is an open door here.
There is a staircase leading out of the dungeon here.
You have escaped!

.......#.........'........#
##.#####.........#........#
...# #.........#........#
#..# #...############...#
...# #...#.....'....#...#
...#####...#.....#....#..)#
.......#$..#.....#....#...#
#.....##...#...###....#...#
##....##...#...#@####'###'#
###...#'###'###'##...#...#
##.##.###...#..#...#...#
#......#...#..'...#...#
######.###.#...########...#
.......###.#......#.......#
######.....#......#.......#
##.....#......'.......#
#......################


There were no monsters in sight!

Vanquished Creatures
  Cerebov (Pan)
  Antaeus (Coc:7)
  Asmodeus (Geh:7)
  the royal jelly (Slime:6)
  Ereshkigal (Tar:7)
  Ignacio (Pan)
  Gloorx Vloq (Pan)
  A seraph (Pan)
  the Serpent of Hell (Geh:7)
  Mnoleg (Pan)
  Lom Lobon (Pan)
  Dispater (Dis:7)
  21 ancient liches
  Khufu (Tomb:1)
  4 orbs of fire (Zot:5)
  The ghost of 4thArraOfDagon the Executioner, a legendary HOBe of Makhleb (Zig:16)
  Mennas (Depths:5)
  2 juggernauts (Depths:2)
  41 greater mummies
  Sojobo (Tomb:1)
  8 shard shrikes
  Margery (Crypt:2)
  Vashnia (Snake:2)
  3 curse toes (Zot:5)
  16 Killer Klowns
  A caustic shrike (Zig:23)
  Geryon (Hell)
  13 golden dragons
  2 pearl dragons (Pan)
  19 bone dragons
  7 electric golems
  40 pandemonium lords
  Jorgrun (Swamp:4)
  43 Brimstone Fiends
  3 hellephants
  The ghost of brucemayne the Executioner, a veteran VSBe of Trog (Tomb:2)
  34 Ice Fiends
  25 Hell Sentinels
  22 tentacled monstrosities
  27 Orb Guardians
  33 Shadow Fiends
  5 quicksilver dragons
  2 deep elf blademasters (Elf:3)
  2 deep elf master archers (Elf:3)
  17 tentacled starspawn
  Murray (Hell)
  19 acid blobs
  19 titans
  55 Executioners
  4 eldritch tentacles
  9 sphinxes
  An octopode crusher (Depths:2)
  The ghost of Ajdolov the Severer, an adept FoAK of Lugonu (Snake:3)
  16 storm dragons
  14 death cobs
  19 liches
  A shadow dragon (shapeshifter) (Zig:13)
  Frances (Depths:3)
  9 thorn hunters
  11 shadow dragons
  Kirke (Swamp:3)
  13 tengu reavers
  11 ancient champions
  13 daevas (Pan)
  11 blood saints
  Roxanne (Swamp:3)
  7 draconian monks
  12 revenants
  15 fire giants
  5 azure jellies
  An azure jelly (shapeshifter) (Zig:12)
  Wiglaf (Vaults:3)
  2 fire giants (shapeshifter)
  16 frost giants
  17 iron dragons
  Donald (Swamp:3)
  11 chaos champions
  11 deep elf sorcerers
  13 black suns
  8 draconian knights
  27 greater nagas
  Aizul (Snake:4)
  46 cacodemons
  19 draconian shifters
  A juggernaut zombie (Zig:24)
  11 vault wardens
  10 curse skulls
  8 ghost moths
  13 orc warlords
  3 caustic shrike zombies
  9 draconian zealots
  11 ghouls
  20 draconian scorchers
  23 angels
  68 balrugs
  95 reapers
  23 ironheart preservers
  3 spriggan defenders
  15 war gargoyles
  15 warmongers (Pan)
  4 caustic shrike skeletons
  10 ophanim (Pan)
  25 stone giants
  24 very ugly things
  13 draconian annihilators
  A stone giant (shapeshifter) (Zig:13)
  6 juggernaut skeletons
  14 draconian callers
  5 elemental wellsprings
  31 apis (Pan)
  27 lorocyprocas
  8 green draconians
  14 corrupters
  4 deep elf demonologists (Elf:3)
  14 dire elephants
  18 vampire knights
  The ghost of brucemayne the Severer, a journeyman VSBe of Trog (Swamp:4)
  17 salamander firebrands
  5 red draconians
  10 bennus
  Azrael (D:12)
  15 deep elf annihilators
  10 black draconians
  21 white draconians
  A salamander stormcaller (Vaults:5)
  11 purple draconians
  15 yellow draconians
  11 ettins
  10 mottled draconians
  A minotaur (Lab)
  19 deep elf death magi
  23 eidola
  A crystal guardian (Vaults:3)
  6 jiangshi
  6 quicksilver dragon zombies
  8 death oozes (Slime:6)
  33 mummy priests
  33 vault guards
  65 blizzard demons
  Josephine (Lair:6)
  19 fire dragons
  43 green deaths
  6 deep elf high priests
  20 yaktaur captains
  10 great orbs of eyes
  2 kraken zombies
  Fannar (D:11)
  8 entropy weavers
  The ghost of Uberwunderbarhen the Basher, a journeyman GrFi of Okawaru (Lair:3)
  8 hell beasts
  12 quicksilver dragon skeletons
  38 ice dragons
  16 naga warriors
  20 monstrous demonspawn (Pan)
  23 hydras
  9 rakshasas
  8 anacondas
  Erica (Lair:1)
  9 centaur warriors
  4 death knights
  2 ghost crabs (shapeshifter)
  4 spriggan air magi
  6 ghost crabs
  10 alligators
  13 deep troll shamans
  8 catoblepae
  A death yak (Zig:23)
  7 vampire magi
  19 ogre magi
  19 naga sharpshooters
  6 holy swine (Pan)
  11 deep troll earth magi
  3 tengu warriors
  42 thrashing horrors
  5 storm dragon zombies
  135 sun demons
  15 orc high priests
  11 titan zombies
  8 iron trolls
  Nergalle (Lair:1)
  83 soul eaters
  2 spriggan berserkers (Depths:5)
  A fire crab (Vaults:4)
  8 spriggans
  14 deep elf knights
  2 iron golems (Hell)
  13 shock serpents
  35 hell hogs
  13 titan skeletons
  23 wretched stars
  A fire crab (shapeshifter) (Depths:2)
  59 hell knights
  2 unseen horrors (shapeshifter)
  The ghost of brucemayne the Cleaver, a novice DsBe of Trog (D:13)
  123 skeletal warriors
  An iron troll (shapeshifter) (Zig:20)
  8 salamander mystics
  14 cherubim (Pan)
  6 spriggan druids
  9 spatial maelstroms
  20 flayed ghosts
  16 anaconda zombies
  16 shadow wraiths
  7 storm dragon skeletons
  39 death scarabs
  3 ghost moth zombies
  11 golden dragon zombies
  21 gelid demonspawn
  18 deep elf summoners
  11 wizards
  94 ice devils
  5 giant orange brains
  77 starcursed masses
  51 deep trolls
  33 shadow demons
  4 shambling mangroves
  28 infernal demonspawn (Pan)
  6 shadow dragon zombies
  10 naga ritualists
  4 unseen horrors
  9 golden dragon skeletons
  7 ice statues
  14 swamp dragons
  An anubis guard (shapeshifter) (Zig:20)
  19 phantasmal warriors
  21 putrid demonspawn (Pan)
  20 ironbrand convokers
  30 torturous demonspawn
  28 anubis guards
  18 orc knights
  10 hill giants
  6 anaconda skeletons
  32 necromancers
  A mana viper (shapeshifter) (Depths:1)
  5 wolf spider zombies
  17 deep elf conjurers
  4 harpies (Vaults:3)
  A sphinx zombie (Zig:22)
  6 orb spiders
  16 mana vipers
  An orb spider (shapeshifter) (Zig:13)
  14 stone giant zombies
  5 oklob plants
  A hill giant (shapeshifter) (Depths:2)
  9 iron dragon zombies
  36 salamanders
  6 shining eyes
  64 sixfirhies
  78 ugly things
  7 orc sorcerers
  10 griffons
  5 cyclopes
  6 worldbinders
  7 frost giant zombies
  6 fire giant zombies
  3 sphinx skeletons
  A shining eye (shapeshifter) (Vaults:5)
  A moth of wrath (shapeshifter) (Zig:1)
  A manticore (shapeshifter) (Zig:12)
  5 elephants
  3 hornets (shapeshifter)
  2 spriggan zombies (Zig:22)
  A shock serpent zombie (Dis:4)
  4 dire elephant zombies
  13 wolf spiders
  A toenail golem (Volcano)
  34 naga magi
  11 molten gargoyles
  14 fire giant skeletons
  21 vault sentinels
  10 iron dragon skeletons
  7 apocalypse crabs
  18 guardian serpents
  5 centaur zombies
  An eye of devastation (shapeshifter) (Zig:20)
  2 cyclopes (shapeshifter) (Zig:20)
  31 moths of wrath
  A titan simulacrum (Coc:6)
  7 hornets
  2 shock serpent skeletons
  11 stone giant skeletons
  33 spiny frogs
  3 torpor snails
  A black mamba (shapeshifter) (Vaults:3)
  62 rust devils
  The ghost of Rayvis the Cleaver, a novice MiFi of Makhleb (D:8)
  14 frost giant skeletons
  An eye of devastation (Slime:3)
  144 large abominations
  An orange crystal statue (Zig:4)
  A mottled draconian zombie (Geh:7)
  81 hellions
  69 black mambas
  2 catoblepas zombies
  9 dire elephant skeletons
  4 emperor scorpion zombies
  59 orange demons
  125 smoke demons
  A spiny frog (shapeshifter) (Depths:4)
  62 yaktaurs
  35 hellwings
  63 tormentors
  19 efreet
  9 komodo dragons
  8 fire drakes
  4 kobold demonologists
  A yaktaur (shapeshifter) (Depths:3)
  A catoblepas skeleton (Geh:1)
  51 guardian mummies
  A storm dragon simulacrum (Coc:3)
  7 jumping spiders
  54 freezing wraiths
  5 tengu conjurers
  39 demonic crawlers
  A white draconian skeleton (Geh:5)
  4 silent spectres
  A golden dragon simulacrum (Zig:17)
  A troll (shapeshifter) (Zig:10)
  5 polar bears
  17 ancient zymes
  5 harpy zombies
  99 red devils
  A two-headed ogre (shapeshifter) (Vaults:1)
  17 hydra zombies
  16 deep elf priests
  A yaktaur skeleton (Vaults:4)
  A sphinx simulacrum (Depths:3)
  A jumping spider (shapeshifter) (Depths:3)
  A harpy skeleton (Geh:3)
  A queen bee (shapeshifter) (Vaults:4)
  18 trolls
  A tengu simulacrum (Depths:2)
  38 blue devils
  A shadow dragon simulacrum (Crypt:2)
  26 two-headed ogres
  21 raiju
  A merfolk (shapeshifter) (Vaults:5)
  Prince Ribbit (D:8)
  3 boulder beetles
  20 blink frogs
  8 fire dragon zombies
  9 ice dragon zombies
  25 small abominations
  12 ushabtiu
  11 hydra skeletons
  11 bog bodies
  A fire giant simulacrum (Depths:3)
  12 giant leeches
  11 alligator zombies
  5 air elementals
  4 ettin zombies
  126 slime creatures
  A tarantella zombie (Crypt:2)
  4 frost giant simulacra
  24 redbacks
  3 ice dragon skeletons
  8 tarantellas
  4 trapdoor spiders
  59 yaks
  4 alligator skeletons
  9 water elementals
  2 ettin skeletons
  7 fire dragon skeletons
  A stone giant simulacrum (Abyss:5)
  56 shadows
  3 black mamba zombies
  145 flying skulls
  5 basilisks
  31 deep elf magi
  A dire elephant simulacrum (Abyss:5)
  29 deep elf fighters
  A hog (Swamp:3)
  An elf simulacrum (Zig:16)
  12 golden eyes
  56 wraiths
  22 hippogriffs
  2 tarantellas (shapeshifter)
  4 wyverns
  75 ynoxinuls
  26 vampires
  6 swamp worm simulacra (Swamp:4)
  5 fire bats
  A yak (shapeshifter) (Vaults:3)
  5 hungry ghosts
  28 fire elementals
  A steam dragon (shapeshifter) (Abyss:1)
  58 chaos spawn
  3 black mamba skeletons
  25 vampire mosquitoes
  A mottled dragon (shapeshifter) (Zig:20)
  5 wolves
  A human (Swamp:3)
  27 swamp worms
  19 spatial vortices
  2 mottled dragons
  91 neqoxecs
  An infernal demonspawn zombie (Tar:7)
  52 nagas
  A putrid demonspawn zombie (Crypt:2)
  17 insubstantial wisps
  A gelid demonspawn zombie (Crypt:2)
  10 spiny frog zombies
  15 swamp drakes
  101 hell hounds
  5 wargs
  16 hydra simulacra
  38 water moccasins
  8 black bears
  9 sky beasts
  A manticore zombie (Dis:6)
  48 orc warriors
  13 porcupines
  91 ogres
  A boggart (shapeshifter) (Zig:16)
  5 spiders
  3 swamp dragon zombies
  17 phantoms
  5 snapping turtle zombies
  4 spiny frog skeletons
  14 elf skeletons
  21 wasps
  22 ice beasts
  16 eyes of draining
  An eye of draining (shapeshifter) (Vaults:3)
  26 necrophages
  2 manticore skeletons
  6 big kobolds
  3 snapping turtle skeletons
  15 centaurs
  2 swamp dragon skeletons
  A hog skeleton (Crypt:2)
  A glowing shapeshifter simulacrum (Vaults:1)
  30 crocodiles
  12 elf zombies
  5 human skeletons
  An earth elemental (Zig:7)
  25 giant frogs
  An ogre simulacrum (Vaults:1)
  A water moccasin zombie (Crypt:2)
  A draconian skeleton (Crypt:1)
  6 wyvern skeletons (Crypt:3)
  2 troll zombies
  A polar bear zombie (Crypt:1)
  2 scorpions
  A warg skeleton (Crypt:2)
  12 killer bees
  A troll skeleton (D:9)
  6 spriggan skeletons
  76 wights
  An electric eel (Lair:5)
  17 crimson imps
  30 orc priests
  A quasit (Abyss:1)
  2 giant frog zombies
  7 human zombies
  24 iron imps
  22 jellies
  7 hounds
  9 centaur skeletons
  3 giant frog skeletons
  9 iguanas
  18 orc wizards
  Terence (D:3)
  11 worker ants
  A lightning spire (Zig:8)
  5 sheep
  A big kobold zombie (Ossuary)
  A killer bee zombie (D:7)
  An ogre zombie (Tar:2)
  4 tengu zombies
  80 mummies
  4 tengu skeletons
  3 hound skeletons
  A worker ant zombie (D:10)
  6 gnolls
  13 adders
  77 river rats
  20 shadow imps
  11 white imps
  2 swamp drake simulacra (Swamp:4)
  2 giant eyeballs (Elf:3)
  2 oozes (D:2)
  3 adder zombies
  5 worms
  7 giant geckos
  289 orcs
  3 gnoll zombies
  7 hobgoblins
  6 jackals
  9 quokkas
  2 ball pythons
  3 bats
  7 giant cockroaches
  A giant gecko zombie (D:8)
  6 giant newts
  8 goblins
  2 goblin zombies (Ossuary)
  A hobgoblin zombie (Ossuary)
  22 kobolds
  7 orc zombies
  4 quokka skeletons
  2 quokka zombies
  6 rats
  A river rat zombie (Crypt:1)
  3 briar patches
  An eldritch tentacle segment (Coc:7)
  4 fire vortices
  A fungus (Lair:6)
  A lost soul (Crypt:3)
  A lurking horror (Abyss:5)
  6 plants
  6 starspawn tentacles
  2 tentacles (Coc:2)
7907 creatures vanquished.

Vanquished Creatures (collateral kills)
  A lich (Zig:17)
  An ancient champion (Zig:14)
  2 orc warlords (Zig:25)
  3 reapers
  2 balrugs (Zig:22)
  A stone giant (Zig:25)
  A deep elf death mage (Zig:11)
  2 mummy priests (Zig:21)
  A blizzard demon (Zig:17)
  A death knight (Zig:14)
  5 orc high priests (Zig:25)
  A vampire mage (Zig:14)
  A hell knight (Zig:22)
  2 soul eaters
  A thrashing horror (Zig:17)
  4 skeletal warriors
  A storm dragon skeleton (Zig:22)
  A flayed ghost (Zig:22)
  2 shadow demons (Zig:24)
  A golden dragon skeleton (Zig:24)
  A tengu zombie (Zig:10)
  6 anubis guards
  A fire giant zombie (Zig:15)
  An orc knight (Bailey)
  2 moths of wrath (Zig:25)
  A sphinx skeleton (Zig:10)
  2 guardian mummies
  A blink frog (Zig:17)
  2 elf zombies
  A flying skull (Zig:21)
  2 shadows (Zig:24)
  2 ushabtiu (Zig:21)
  2 ynoxinuls (Pan)
  2 elf skeletons (Zig:22)
  2 ogres (Zig:25)
  7 orc warriors
  A necrophage (Zig:24)
  A phantom (Zig:24)
  2 wights
  7 mummies
  19 orcs (Zig:25)
99 creatures vanquished.

Vanquished Creatures (others)
  A hellephant (Abyss:5)
  A quicksilver dragon (shapeshifter) (Zig:20)
  A pandemonium lord (Zig:20)
  4 eldritch tentacles
  A balrug (Pan)
  A draconian zealot (Zot:5)
  An angel (Abyss:5)
  A reaper (Depths:2)
  An elemental wellspring (Coc:7)
  A blood saint (Pan)
  A yellow draconian (Zig:18)
  A lorocyproca (Abyss:5)
  A white draconian (Zig:18)
  A blizzard demon (Pan)
  2 hydras (Zig:15)
  5 dancing weapons
  A death knight (Zig:14)
  2 thrashing horrors (Abyss:5)
  2 wretched stars (Abyss:5)
  A skeletal warrior (Tomb:1)
  31 death scarabs
  A giant orange brain (Abyss:5)
  A deep troll (Depths:3)
  A spriggan druid (Zig:15)
  2 infernal demonspawn (Pan)
  2 shadow dragon zombies
  A wizard (Abyss:5)
  A sphinx skeleton (Zig:15)
  A dire elephant zombie (Geh:2)
  A spiny frog (Swamp:4)
  A demonic crawler (Abyss:5)
  A red devil (D:12)
  An ancient zyme (Abyss:5)
  2 raiju (Abyss:5)
  A shadow dragon simulacrum (Tomb:3)
  A ynoxinul (Abyss:5)
  A deep elf mage (Zig:10)
  An elf skeleton (Zig:22)
  6 flying skulls
  A wraith (Geh:7)
  A fire elemental (Hell)
  2 humans (Swamp:3)
  2 neqoxecs
  9 large abominations (Abyss:5)
  A golden eye (Abyss:5)
  4 chaos spawn
  2 nagas
  8 spatial vortices (Abyss:5)
  An insubstantial wisp (Zig:15)
  3 water moccasins (Zig:23)
  An eye of draining (Abyss:5)
  A necrophage (Tar:3)
  8 small abominations (Abyss:5)
  A spriggan zombie (Geh:7)
  A wight (Geh:6)
  A crimson imp (Geh:7)
  A starcursed mass (Abyss:5)
  5 sheep (Lair:1)
  5 mummies
  A shadow imp (Tar:2)
  2 white imps
  A kobold zombie (Geh:5)
  An orc zombie (Dis:7)
  5 briar patches
  13 bushes (Abyss:5)
  390 eldritch tentacle segments
  A fulminant prism (Zig:26)
  3 fungi
  5 lost souls
  2 lurking horrors (Abyss:5)
  30 plants
  A spectral weapon (Zig:27)
  39 starspawn tentacles
  754 starspawn tentacle segments
  5 tentacles (Coc:2)
  126 tentacle segments (Coc:2)
1524 creatures vanquished.

Grand Total: 9530 creatures vanquished

Notes
Turn   | Place    | Note
--------------------------------------------------------------
     0 | D:1      | Zebura the Vine Stalker Assassin began the quest for the Orb.
     0 | D:1      | Reached XP level 1. HP: 11/11 MP: 2/2
   464 | D:1      | Reached skill level 1 in Dodging
   620 | D:2      | Reached XP level 2. HP: 15/15 MP: 3/3
   802 | D:2      | Found a deep blue altar of Sif Muna.
   837 | D:2      | Reached skill level 5 in Stealth
   837 | D:2      | Reached XP level 3. HP: 18/18 MP: 4/4
   911 | D:2      | Found a radiant altar of Vehumet.
  1568 | D:2      | Reached XP level 4. HP: 20/23 MP: 5/5
  2132 | D:3      | Found a snail-covered altar of Cheibriados.
  2409 | D:3      | Reached XP level 5. HP: 27/27 MP: 6/6
  2425 | D:3      | Noticed Terence
  2439 | D:3      | Killed Terence
  2843 | D:4      | Reached skill level 6 in Stealth
  2863 | D:4      | You fall through a shaft for 2 floors!
  2896 | D:6      | Found Diceplit's Magic Scroll Emporium.
  2903 | D:6      | Noticed a black bear
  2921 | D:6      | Killed a black bear
  2921 | D:6      | Gained mutation: You heal very quickly. [Vine Stalker growth]
  2921 | D:6      | Reached XP level 6. HP: 9/32 MP: 4/7
  2930 | D:6      | Bought a scroll of identify for 28 gold pieces
  2930 | D:6      | Bought a scroll of identify for 28 gold pieces
  2930 | D:6      | Bought a scroll of fog for 28 gold pieces
  2930 | D:6      | Bought a scroll of identify for 28 gold pieces
  2976 | D:6      | Found a staircase to the Ecumenical Temple.
  2985 | Temple   | Entered the Ecumenical Temple
  3089 | D:6      | Noticed an orc warrior
  3097 | D:5      | Entered Level 5 of the Dungeon
  3267 | D:5      | Reached skill level 7 in Stealth
  3267 | D:5      | Reached XP level 7. HP: 34/37 MP: 8/8
  3481 | D:5      | Reached skill level 8 in Stealth
  3481 | D:5      | Gained mutation: You have razor-sharp teeth. [Vine Stalker growth]
  3481 | D:5      | Reached XP level 8. HP: 39/42 MP: 7/9
  3809 | D:4      | Noticed a sky beast
  3811 | D:4      | Killed a sky beast
  3811 | D:4      | Reached skill level 5 in Short Blades
  3968 | D:4      | Reached skill level 5 in Fighting
  4179 | D:4      | You fall through a shaft!
  5273 | D:4      | Found a shadowy altar of Dithmenos.
  5273 | D:4      | Noticed a phantom
  5283 | D:4      | Killed a phantom
  5283 | D:4      | Reached skill level 9 in Stealth
  5483 | Temple   | Became a worshipper of Gozag Ym Sagoz the Greedy
  5572 | D:6      | Killed an orc warrior
  5644 | D:6      | Bought a scroll of fear for 49 gold pieces
  5656 | D:6      | Noticed a centaur
  5784 | D:6      | Noticed a sky beast
  5798 | D:6      | Killed a sky beast
  5812 | D:6      | Reached XP level 9. HP: 48/48 MP: 10/10
  5860 | D:6      | Noticed Rayvis's ghost (novice MiFi)
  6140 | D:6      | Bought a scroll of enchant armour for 105 gold pieces
  6467 | D:7      | Reached skill level 10 in Stealth
  6471 | D:7      | Found Sutziss's Book Boutique.
  6554 | D:7      | Reached skill level 1 in Shields
  6581 | D:7      | Found a flagged portal.
  6600 | Bailey   | Entered a bailey
  7009 | Bailey   | Noticed an orc knight
  7258 | Bailey   | Killed an orc knight
  7302 | Bailey   | Noticed an orc knight
  7350 | Bailey   | Noticed an orc knight
  7393 | Bailey   | Killed an orc knight
  7393 | Bailey   | Reached skill level 11 in Stealth
  7393 | Bailey   | Reached XP level 10. HP: 53/55 MP: 11/11
  7428 | Bailey   | Killed an orc knight
  7512 | Bailey   | Noticed an orc knight
  7512 | Bailey   | Noticed an orc knight
  7572 | Bailey   | Killed an orc knight
  7656 | Bailey   | Killed an orc knight
  7770 | D:7      | Identified a scroll of acquirement
  8247 | D:6      | Bought a scroll of recharging for 133 gold pieces
  8250 | D:6      | Bought a scroll of remove curse for 42 gold pieces
  8303 | D:8      | Killed a centaur
  8375 | D:8      | Got a slimy mace
  8450 | D:8      | Found a sand-covered staircase.
  8477 | D:8      | Found Cotrick's Book Boutique.
  8491 | D:8      | Reached skill level 12 in Stealth
  8542 | Ossuary  | Entered an ossuary
  8792 | D:8      | Identified the +8 mace of Indomitability {flame, Dex+3 Stlth+} (You found it on level 8 of the Dungeon)
  8843 | D:8      | Noticed Prince Ribbit
  8857 | D:8      | Killed Prince Ribbit
  8899 | D:8      | Found a staircase to the Lair.
  9711 | D:9      | Reached XP level 11. HP: 60/60 MP: 12/12
  9875 | Lair:1   | Entered Level 1 of the Lair of Beasts
  9877 | Lair:1   | Noticed Erica
  9905 | Lair:1   | Killed Erica
 10194 | Lair:1   | Reached skill level 13 in Stealth
 10239 | Lair:1   | Noticed Nergalle
 10505 | Lair:1   | Found a shimmering altar of Xom.
 11196 | Lair:1   | Killed Nergalle
 11477 | Lair:1   | Learned a level 5 spell: Excruciating Wounds
 11640 | D:9      | Reached skill level 14 in Stealth
 11684 | D:9      | Reached skill level 1 in Charms
 11859 | D:9      | Found a burning altar of Makhleb.
 11905 | D:9      | Reached skill level 1 in Necromancy
 12087 | D:9      | Gained mutation: You regenerate. [Vine Stalker growth]
 12087 | D:9      | Reached XP level 12. HP: 50/67 MP: 13/13
 12311 | D:9      | Killed an unseen horror
 12352 | D:10     | Entered Level 10 of the Dungeon
 12365 | D:10     | Found Duticasee's Book Shop.
 12548 | D:11     | Found a labyrinth entrance.
 12583 | Lab      | Entered a labyrinth
 12988 | Lab      | Noticed a minotaur
 12991 | Lab      | Killed a minotaur
 12993 | Lab      | Identified the Grimoire of Conjuration
 13182 | D:11     | Reached skill level 10 in Fighting
 13209 | D:11     | Found a staircase to the Orcish Mines.
 13354 | D:11     | Noticed Fannar
 13403 | D:11     | Killed Fannar
 13403 | D:11     | Reached skill level 10 in Short Blades
 13871 | D:11     | Noticed a four-headed hydra
 13885 | D:11     | Killed a four-headed hydra
 14409 | D:12     | Found Pomidd's Antique Armour Shop.
 14415 | D:12     | Bought an ominously black robe for 131 gold pieces
 14433 | D:12     | Identified the +2 robe of Yredelemnul's Regard {rC+++ rCorr MP-9 Int+3} (You bought it in a shop on level 12 of the Dungeon)
 14444 | D:12     | Bought a spiked troll leather armour for 460 gold pieces
 14454 | D:12     | Identified the +1 troll leather armour "Codesaij" {rPois rC+ Regen+ Str+4} (You bought it in a shop on level 12 of the Dungeon)
 14568 | D:8      | Killed Rayvis's ghost
 14568 | D:8      | Reached skill level 15 in Stealth
 14657 | Lair:2   | Learned a level 3 spell: Ozocubu's Armour
 14775 | Orc:1    | Entered Level 1 of the Orcish Mines
 15137 | Orc:1    | Reached skill level 5 in Charms
 15424 | Orc:2    | You are sucked into a shaft!
 15488 | Orc:3    | Reached XP level 13. HP: 61/72 MP: 14/14
 15580 | Orc:3    | Noticed an orc high priest
 15597 | Orc:3    | Killed an orc high priest
 15597 | Orc:3    | Reached skill level 1 in Armour
 15654 | Orc:3    | Reached skill level 1 in Ice Magic
 15660 | Orc:3    | Found a roughly hewn altar of Beogh.
 15943 | Orc:4    | Entered Level 4 of the Orcish Mines
 16170 | Orc:4    | Found a roughly hewn altar of Beogh.
 16191 | Orc:4    | Found a staircase to the Elven Halls.
 16424 | Orc:4    | Found Lotadaf's Book Boutique.
 16475 | Orc:4    | Reached skill level 5 in Necromancy
 16597 | Orc:4    | Found Fong's Weapon Boutique.
 16880 | Orc:4    | Found Afuedol's Distillery.
 16984 | Orc:4    | Found Xoedul's Armour Shop.
 17008 | Orc:4    | Bought the +3 helmet of the Spheres {MR+ Regen+} for 449 gold pieces
 17074 | Orc:4    | Bought a potion of haste for 120 gold pieces
 17074 | Orc:4    | Bought a potion of poison for 12 gold pieces
 17074 | Orc:4    | Bought a potion of beneficial mutation for 420 gold pieces
 17074 | Orc:4    | Bought a potion of magic for 96 gold pieces
 17074 | Orc:4    | Bought a potion of mutation for 30 gold pieces
 17074 | Orc:4    | Bought a potion of magic for 96 gold pieces
 17074 | Orc:4    | Gained mutation: You have a pair of small horns on your head. [potion of beneficial mutation]
 17085 | Orc:4    | Bought the +5 robe of vines {DeviceHeal--- Regen++++++} for 457 gold pieces
 17386 | Orc:4    | Bought a +0 hat for 56 gold pieces
 17386 | Orc:4    | Bought a +0 cloak of invisibility for 161 gold pieces
 18898 | Lair:2   | Noticed an eight-headed hydra
 18912 | Lair:2   | Killed a three-headed hydra
 19445 | Lair:3   | Noticed Uberwunderbarhen's ghost (journeyman GrFi)
 19503 | Lair:3   | Killed Uberwunderbarhen's ghost
 19566 | Lair:3   | Reached skill level 1 in Evocations
 19566 | Lair:3   | Reached XP level 14. HP: 77/77 MP: 15/15
 20409 | Lair:4   | Got a dazzling rapier
 20410 | Lair:4   | Identified the +9 rapier of Jaop {freeze, rElec rPois MP-9 Dex+4} (You found it on level 4 of the Lair of Beasts)
 20526 | Lair:4   | Found a dark tunnel.
 20590 | Volcano  | Entered a volcano
 21855 | Lair:5   | Got a wavering copper ring
 21857 | Lair:5   | Identified the ring "Kahatic" {+Blink rPois rF+ Str+6} (You found it on level 5 of the Lair of Beasts)
 21922 | Lair:5   | Found a staircase to the Snake Pit.
 22673 | Lair:5   | Found a staircase to the Swamp.
 22796 | Lair:6   | Found a staircase to the Slime Pits.
 22803 | Lair:6   | Reached skill level 1 in Spellcasting
 22897 | Lair:6   | Noticed Josephine
 22923 | Lair:6   | Killed Josephine
 23217 | Lair:6   | Reached skill level 5 in Dodging
 23328 | Lair:6   | Found a glowing silver altar of Zin.
 23347 | Lair:6   | Learned a level 1 spell: Corona
 24218 | Lair:7   | Reached skill level 1 in Hexes
 25111 | Lair:7   | Reached skill level 5 in Shields
 25217 | Lair:8   | Entered Level 8 of the Lair of Beasts
 25418 | Lair:8   | Reached XP level 15. HP: 83/83 MP: 10/21
 25630 | Lair:8   | Found a burning altar of Makhleb.
 25641 | Lair:8   | Found a gateway to Hell.
 26417 | Lair:2   | Lost mutation: You have a pair of small horns on your head. [potion of cure mutation]
 26911 | D:12     | Noticed Azrael
 26943 | D:12     | Killed Azrael
 27098 | D:12     | Reached skill level 5 in Spellcasting
 27304 | D:12     | Bought an embroidered cloak for 103 gold pieces
 27813 | D:13     | Found Vic Ciecw's Food Shoppe.
 27856 | D:13     | Found a portal to a secret trove of treasure.
 27911 | D:13     | Noticed brucemayne's ghost (novice DsBe)
 27925 | D:13     | Killed brucemayne's ghost
 27976 | D:14     | Found Puang's Weapon Boutique.
 27984 | D:14     | Bought a +3 blowgun of evasion for 360 gold pieces
 28141 | D:14     | Found a gate to the Vaults.
 28667 | D:14     | Found a white marble altar of Elyvilon.
 28768 | D:14     | Reached XP level 16. HP: 90/90 MP: 17/26
 28976 | D:14     | Reached skill level 5 in Armour
 29238 | D:15     | Entered Level 15 of the Dungeon
 29244 | D:15     | Found Ebiaroal's General Store.
 29260 | D:15     | Bought 3 scrolls of summoning for 456 gold pieces
 29260 | D:15     | Bought a scroll of identify for 32 gold pieces
 29260 | D:15     | Bought a scroll of identify for 32 gold pieces
 29260 | D:15     | Bought a scroll of enchant armour for 120 gold pieces
 29260 | D:15     | Bought a royal jelly for 32 gold pieces
 29445 | D:15     | Found a blossoming altar of Fedhas.
 29557 | D:15     | Found a staircase to the Depths.
 30052 | Lair:2   | Learned a level 2 spell: Shroud of Golubria
 30234 | Elf:1    | Entered Level 1 of the Elven Halls
 30519 | Elf:1    | Found Pumn's Weapon Shop.
 30661 | Elf:1    | Identified the Handbook of Unholy Secrets
 31774 | Elf:2    | Found a huge runed gate.
 31774 | Elf:2    | Found a huge runed gate.
 31774 | Elf:2    | Found a huge runed gate.
 31774 | Elf:2    | Found a huge runed gate.
 31776 | Elf:2    | Found a huge runed gate.
 31955 | Elf:3    | Entered Level 3 of the Elven Halls
 32045 | Elf:3    | Reached XP level 17. HP: 95/95 MP: 19/28
 32075 | Elf:3    | Paralysed by a giant eyeball for 4 turns
 32867 | Elf:3    | Noticed a deep elf blademaster
 32877 | Elf:3    | Noticed a deep elf blademaster
 32963 | Elf:3    | Reached skill level 5 in Throwing
 33301 | Elf:3    | Killed a deep elf blademaster
 33440 | Elf:3    | Got a warped ruby amulet
 33446 | Elf:3    | Identified the amulet of Xyst {+Rage +Fly rPois} (You took it off a deep elf annihilator on level 3 of the Elven Halls)
 33560 | Elf:3    | Noticed a deep elf master archer
 33589 | Elf:3    | Killed a deep elf master archer
 33992 | Lair:2   | Reached XP level 18. HP: 100/100 MP: 20/29
 34360 | Elf:3    | Killed a deep elf blademaster
 34551 | Elf:3    | Noticed a deep elf master archer
 34608 | Elf:3    | Killed a deep elf master archer
 34807 | Elf:3    | Reached skill level 10 in Charms
 34957 | Elf:3    | Identified a +2 pair of boots of running (You found it on level 3 of the Elven Halls)
 34977 | Elf:3    | Got a polished hand axe
 34978 | Elf:3    | Identified the +6 hand axe of Quarrel {antimagic, Int+4} (You found it on level 3 of the Elven Halls)
 35453 | Swamp:1  | Entered Level 1 of the Swamp
 35624 | Swamp:1  | Reached skill level 10 in Shields
 36131 | Swamp:1  | Reached XP level 19. HP: 105/105 MP: 30/30
 37350 | Swamp:3  | Noticed Roxanne
 37394 | Swamp:3  | Killed Roxanne
 37396 | Swamp:3  | Identified Roxanne's Collected Works on the Mountains and Transformation (You took it off Roxanne on level 3 of the Swamp)
 37436 | Swamp:3  | Noticed Kirke
 37448 | Swamp:3  | Killed Kirke
 37556 | Swamp:3  | Noticed Donald
 37574 | Swamp:3  | Killed Donald
 38154 | Swamp:4  | Entered Level 4 of the Swamp
 38165 | Swamp:4  | Noticed brucemayne's ghost (journeyman VSBe)
 38185 | Swamp:4  | Killed brucemayne's ghost
 38243 | Swamp:4  | Got a slimy scale mail
 38576 | Swamp:4  | Noticed Jorgrun
 38599 | Swamp:4  | Killed Jorgrun
 38599 | Swamp:4  | Reached skill level 10 in Necromancy
 38947 | Swamp:4  | Got a decaying rune of Zot
 39067 | Swamp:4  | Identified the +3 scale mail "Xyluzu" {rC+} (You found it on level 4 of the Swamp)
 39604 | D:6      | Bought a scroll of enchant weapon for 105 gold pieces
 39604 | D:6      | Bought a scroll of fear for 49 gold pieces
 39766 | Vaults:1 | Entered Level 1 of the Vaults
 39980 | Vaults:1 | Found Roynuheff's Distillery.
 40316 | Vaults:1 | Reached XP level 20. HP: 109/109 MP: 31/31
 40992 | Vaults:1 | Got a faintly glowing hand axe {chop}
 40993 | Vaults:1 | Identified the +2 hand axe of Benevolence {chop, *Corrode Str+4 Dex+5} (You took it off a deep elf conjurer on level 1 of the Vaults)
 41264 | Vaults:2 | Found Motamiach's Jewellery Emporium.
 41848 | Vaults:3 | Found Usuokakh's Antique Armour Shop.
 41867 | Vaults:3 | Bought a glowing cloak for 112 gold pieces
 41954 | Vaults:3 | Reached skill level 15 in Shields
 42203 | Vaults:3 | Found a radiant altar of Vehumet.
 42214 | Vaults:3 | Got an ancient robe
 42219 | Vaults:3 | Got an encrusted hat
 42224 | Vaults:3 | Got a faintly humming robe
 42262 | Vaults:3 | Identified the +1 robe of Qeesil {rN+ SInv Stlth+} (You found it on level 3 of the Vaults)
 42272 | Vaults:3 | Identified the +2 hat of the Harvest {MR+ Str+4} (You found it on level 3 of the Vaults)
 42282 | Vaults:3 | Identified the cursed +0 robe "Baeda" {MP+9} (You found it on level 3 of the Vaults)
 42326 | Vaults:3 | Got an ichor-stained hat
 42337 | Vaults:3 | Identified the +0 hat of Ru's Regard {rF+ rN+ Slay+3} (You found it on level 3 of the Vaults)
 42461 | Vaults:3 | Reached XP level 21. HP: 114/114 MP: 34/34
 42603 | Vaults:3 | Noticed Wiglaf
 42612 | Vaults:3 | Killed Wiglaf
 43286 | Vaults:3 | Reached skill level 10 in Spellcasting
 43857 | Vaults:4 | Found Voagu's Weapon Emporium.
 44474 | Vaults:5 | Entered Level 5 of the Vaults
 44587 | Vaults:4 | Reached XP level 22. HP: 93/119 MP: 39/39
 45141 | Vaults:5 | Got a silver rune of Zot
 45147 | Vaults:5 | Got a twisted chain mail
 45193 | Vaults:5 | Identified the +1 chain mail of the Spheres {*Corrode rF+ Int+4} (You found it on level 5 of the Vaults)
 45205 | Vaults:5 | Noticed a golden dragon
 45222 | Vaults:5 | Killed a golden dragon
 45439 | Vaults:5 | Noticed an ancient lich
 45473 | Vaults:5 | Killed an ancient lich
 45484 | Vaults:5 | Reached skill level 16 in Stealth
 45578 | Vaults:5 | Reached skill level 15 in Necromancy
 45696 | Vaults:5 | Got a steaming rapier {venom}
 45697 | Vaults:5 | Identified the +4 rapier "Tiotadec" {venom, +Fly rF+} (You took it off a tengu reaver on level 5 of the Vaults)
 45992 | Vaults:5 | Reached XP level 23. HP: 118/125 MP: 37/40
 46600 | Vaults:5 | Identified Khufu's Incunabulum of Black Rites
 46603 | Vaults:5 | Identified the Compendium of Combat Magic
 46612 | Vaults:5 | Learned a level 5 spell: Dispel Undead
 46617 | Vaults:5 | Learned a level 4 spell: Control Undead
 46948 | Vaults:3 | Bought a shimmering robe for 142 gold pieces
 46948 | Vaults:3 | Bought a distressingly furry robe for 142 gold pieces
 46948 | Vaults:3 | Bought a translucent chain mail for 237 gold pieces
 46964 | Vaults:3 | Identified the +2 robe "Yrph" {rElec rF+ Str+4} (You bought it in a shop on level 3 of the Vaults)
 46974 | Vaults:3 | Identified the cursed +0 robe of the Lonely Moons {rCorr Str+2 Int+4 Dex+3} (You bought it in a shop on level 3 of the Vaults)
 46985 | Vaults:3 | Identified the +7 chain mail of Sorcery {-Cast rElec rPois} (You bought it in a shop on level 3 of the Vaults)
 46996 | Vaults:3 | Bought a dazzling steam dragon armour for 1125 gold pieces
 47007 | Vaults:3 | Identified the +0 steam dragon armour of the Mantidfly {rC+ Str+6 Int+2} (You bought it in a shop on level 3 of the Vaults)
 47397 | Lair:2   | Identified a +1 rod of shadows (13/13) (You took it off a deep elf annihilator on level 5 of the Vaults)
 47637 | Depths:1 | Entered Level 1 of the Depths
 47637 | Depths:1 | Found Quadul's Weapon Boutique.
 47755 | Depths:1 | Found Zeugraez's Armour Boutique.
 47760 | Depths:1 | Found a one-way gate leading to the halls of Pandemonium.
 47804 | Depths:1 | Found Gofotuka's Food Shoppe.
 47864 | Depths:2 | Found Maceosam's Antique Armour Emporium.
 47876 | Depths:2 | Bought a glowing cloak for 229 gold pieces
 47899 | Depths:2 | Bought a steaming ring mail for 459 gold pieces
 47909 | Depths:2 | Identified the +4 ring mail "Doacvibb" {rCorr Str+3} (You bought it in a shop on level 2 of the Depths)
 48687 | Depths:2 | Noticed a juggernaut
 48715 | Depths:2 | Killed a juggernaut
 48715 | Depths:2 | Reached skill level 17 in Stealth
 48726 | Depths:2 | Noticed a juggernaut
 48742 | Depths:2 | Killed a juggernaut
 48763 | Depths:2 | Got a scintillating ivory ring
 48767 | Depths:2 | Identified the ring of Voekliuh {+Fly MR+ Dex+5} (You took it off a fire giant on level 2 of the Depths)
 49488 | Depths:3 | Noticed Frances
 49506 | Depths:3 | Reached skill level 15 in Fighting
 49531 | Depths:3 | Reached XP level 24. HP: 86/131 MP: 29/40
 49576 | Depths:3 | Killed Frances
 50275 | Depths:3 | Found a one-way gate to the infinite horrors of the Abyss.
 50369 | Hell     | Entered the Vestibule of Hell
 50369 | Hell     | Noticed Geryon
 50525 | Depths:4 | Found Asaaci Wili's Assorted Antiques.
 50568 | Depths:4 | Bought a pair of bloodstained gloves for 370 gold pieces
 50634 | Depths:4 | Identified the +2 pair of gloves of Cheibriados's Approval {Dex+7} (You bought it in a shop on level 4 of the Depths)
 50833 | Depths:4 | Reached skill level 18 in Stealth
 50909 | Depths:4 | Found an opulent altar of Gozag.
 51107 | Depths:4 | Reached skill level 10 in Dodging
 52011 | Depths:4 | Got a warped leather armour
 52022 | Depths:4 | Identified the +1 leather armour of Dogma {rN+ Regen+ Stlth+} (You found it on level 4 of the Depths)
 52666 | Depths:5 | Entered Level 5 of the Depths
 52811 | Depths:5 | Found Opnuma's Jewellery Boutique.
 52812 | Depths:5 | Noticed Mennas
 52899 | Depths:5 | Killed Mennas
 52899 | Depths:5 | Reached skill level 10 in Armour
 52902 | Depths:5 | Bought the ring "Esiofil" {rF+ rC+ Str+2 Dex+7} for 868 gold pieces
 52902 | Depths:5 | Bought an uncursed amulet of resist mutation for 600 gold pieces
 53047 | Depths:5 | Reached XP level 25. HP: 137/137 MP: 41/41
 53055 | Depths:5 | Found a gate to the Realm of Zot.
 54049 | Vaults:2 | Found a staircase to the Crypt.
 54083 | Vaults:2 | Got an ancient robe
 54276 | Vaults:2 | Found Asigehaxt's Book Shoppe.
 54466 | Vaults:2 | Reached skill level 19 in Stealth
 55067 | Vaults:4 | Found Xihadd's Armour Boutique.
 55367 | Vaults:4 | Identified the +1 robe "Neppie" {Stlth+} (You found it on level 2 of the Vaults)
 55918 | Lair:2   | Learned a level 6 spell: Haste
 55924 | Lair:2   | Learned a level 5 spell: Warp Weapon
 56007 | Slime:1  | Entered Level 1 of the Pits of Slime
 56512 | Slime:6  | Entered Level 6 of the Pits of Slime
 56597 | Slime:6  | Found a viscous altar of Jiyva.
 56601 | Slime:6  | Noticed the royal jelly
 56640 | Slime:6  | Killed the royal jelly
 56778 | Slime:6  | Reached XP level 26. HP: 105/144 MP: 42/42
 56999 | Slime:6  | Got a wavering glass ring
 57002 | Slime:6  | Identified the cursed ring "Isimif" {rPois rC+ Int+2 Dex-3 Stlth+} (You found it on level 6 of the Pits of Slime)
 57012 | Slime:6  | Got a bloodstained plate armour
 57023 | Slime:6  | Identified the +1 plate armour "Surgh" {SInv} (You found it on level 6 of the Pits of Slime)
 57144 | Slime:6  | Identified the Handbook of Dislocation
 57148 | Slime:6  | Got a slimy rune of Zot
 57164 | Slime:6  | Got a distressingly furry leather armour
 57175 | Slime:6  | Identified the cursed +1 leather armour of Jigsaw {+Inv rPois} (You found it on level 6 of the Pits of Slime)
 58068 | D:13     | You paid a toll of 4 scrolls of blinking to enter a treasure trove
 58069 | Trove    | Entered a treasure trove
 58077 | Trove    | Got a polished shield
 58081 | Trove    | Got a faintly humming hat
 58083 | Trove    | Got a jewelled hat
 58085 | Trove    | Got a spiked hat
 58087 | Trove    | Got a pair of ancient gloves
 58089 | Trove    | Got a distressingly furry ring mail
 58097 | Trove    | Got a twisted robe
 58099 | Trove    | Got a pair of steaming boots
 58337 | Lair:2   | Identified the +0 pair of gloves "Toadodghe" {rN+} (You found it in a treasure trove)
 58357 | Lair:2   | Identified the +2 pair of boots of the Ward {MP+9 Slay+2} (You found it in a treasure trove)
 58367 | Lair:2   | Identified the +0 hat "Viuvaov" {+Inv rPois Dex-2} (You found it in a treasure trove)
 58377 | Lair:2   | Identified the +1 hat "Kuheiz" {rF+ rC+ MR- rCorr} (You found it in a treasure trove)
 58387 | Lair:2   | Identified the +0 hat of Mitoaram {*Confuse rElec rN+++} (You found it in a treasure trove)
 58397 | Lair:2   | Identified the +3 shield of Kikubaaqudgha's Pride {+Blink Str-4 Int+6} (You found it in a treasure trove)
 58474 | Lair:2   | Identified the +0 robe of Peidetow {-Cast MP+9 Str+3 Dex+2} (You found it in a treasure trove)
 58494 | Lair:2   | Identified the cursed +1 ring mail "Qematsam" {rElec rF- MP+9} (You found it in a treasure trove)
 58599 | Lair:2   | Bought a scroll of identify for 30 gold pieces
 58599 | Lair:2   | Bought a scroll of identify for 30 gold pieces
 58599 | Lair:2   | Bought a scroll of remove curse for 45 gold pieces
 58599 | Lair:2   | Bought a scroll of teleportation for 45 gold pieces
 58599 | Lair:2   | Bought a scroll of teleportation for 45 gold pieces
 58599 | Lair:2   | Bought a scroll of amnesia for 52 gold pieces
 58599 | Lair:2   | Bought a scroll of recharging for 142 gold pieces
 58599 | Lair:2   | Bought a scroll of remove curse for 45 gold pieces
 58599 | Lair:2   | Bought a scroll of identify for 30 gold pieces
 58599 | Lair:2   | Bought a scroll of identify for 30 gold pieces
 58599 | Lair:2   | Bought a scroll of remove curse for 45 gold pieces
 58749 | D:12     | Bought a pitted chain mail for 218 gold pieces
 58759 | D:12     | Identified the +8 chain mail of Summertime {*Corrode rN+ Str+4} (You bought it in a shop on level 12 of the Dungeon)
 59085 | Snake:1  | Entered Level 1 of the Snake Pit
 59916 | Snake:2  | Noticed Vashnia
 59927 | Snake:2  | Killed Vashnia
 59927 | Snake:2  | Reached skill level 20 in Stealth
 60462 | Snake:2  | Reached skill level 15 in Spellcasting
 60603 | Snake:3  | Found a gateway to a bazaar.
 60669 | Snake:3  | Got a pair of translucent boots
 60680 | Snake:3  | Identified the +4 pair of boots of Sloth {Str+3} (You found it on level 3 of the Snake Pit)
 60948 | Snake:3  | Noticed Ajdolov's ghost (adept FoAK)
 60980 | Snake:3  | Killed Ajdolov's ghost
 61515 | Snake:4  | Entered Level 4 of the Snake Pit
 61897 | Snake:4  | Noticed Aizul
 61951 | Snake:4  | Killed Aizul
 62003 | Snake:4  | Got a serpentine rune of Zot
 63124 | Lair:2   | Identified a +1 rod of inaccuracy (11/11) (You found it on level 4 of the Snake Pit)
 63400 | Vaults:2 | Bought the ring of Shadows {Umbra +Inv rN+ SInv} for 726 gold pieces
 63468 | Crypt:1  | Entered Level 1 of the Crypt
 63509 | Vaults:2 | Reached skill level 1 in Translocations
 63827 | Crypt:1  | Found a basalt altar of Yredelemnul.
 64605 | Crypt:2  | Noticed Margery
 64620 | Crypt:2  | Killed Margery
 64620 | Crypt:2  | Reached XP level 27. HP: 150/150 MP: 43/43
 65142 | Crypt:2  | Reached skill level 21 in Stealth
 65565 | Crypt:3  | Entered Level 3 of the Crypt
 65805 | Crypt:3  | Noticed an ancient lich
 65808 | Crypt:3  | Killed an ancient lich
 65856 | Crypt:3  | Got a scorched trident
 65857 | Crypt:3  | Identified the cursed +1 trident of Ireminaa {drain, rC+ MR+ Str+4 Dex+3} (You found it on level 3 of the Crypt)
 66040 | Crypt:3  | Found an ancient bone altar of Kikubaaqudgha.
 66362 | Crypt:3  | Got a slimy iron amulet
 66362 | Crypt:3  | Got an ancient iron ring
 66367 | Crypt:3  | Identified the amulet "Moxt" {Ward rPois rF+ rN+ Str+3 Stlth+} (You found it on level 3 of the Crypt)
 66371 | Crypt:3  | Identified the ring "Quregh" {+Inv rN+} (You found it on level 3 of the Crypt)
 66375 | Crypt:3  | Got a translucent copper ring
 66376 | Crypt:3  | Identified the ring "Ponigaon" {rC++ rN+ MR+ Str+2 Int-2} (You found it on level 3 of the Crypt)
 66389 | Crypt:3  | Learned a level 3 spell: Regeneration
 66393 | Crypt:3  | Learned a level 3 spell: Spectral Weapon
 66396 | Crypt:3  | Learned a level 2 spell: Song of Slaying
 66491 | Crypt:3  | Reached skill level 5 in Translocations
 67196 | Crypt:3  | Found a staircase to the Tomb.
 67757 | Hell     | Killed Geryon
 67991 | Hell     | Found a gateway to the ashen valley of Gehenna.
 68025 | Hell     | Found a gateway to the decaying netherworld of Tartarus.
 68183 | Hell     | Noticed Murray
 68224 | Hell     | Killed Murray
 68344 | Hell     | Found a gateway to the Iron City of Dis.
 68534 | Hell     | Found a gateway to the freezing wastes of Cocytus.
 68673 | Geh:1    | Entered Level 1 of Gehenna
 68828 | Geh:2    | Found a glowing golden altar of the Shining One.
 69307 | Geh:3    | Reached skill level 22 in Stealth
 70377 | Geh:7    | Entered Level 7 of Gehenna
 71185 | Geh:7    | Noticed the Serpent of Hell
 71548 | Geh:7    | Got an encrusted scythe {slice}
 71549 | Geh:7    | Identified the +4 scythe "Rawkol" {slice, rF+ rC+} (You took it off a fire giant on level 7 of Gehenna)
 71720 | Geh:7    | Reached skill level 15 in Charms
 71748 | Geh:7    | Killed the Serpent of Hell
 71928 | Geh:7    | Reached skill level 10 in Translocations
 72457 | Bazaar   | Entered a bazaar
 72461 | Bazaar   | Found Idwaojud's Jewellery Boutique.
 72479 | Bazaar   | Found Tyfupt's Jewellery Emporium.
 72496 | Bazaar   | Found Woad's Book Boutique.
 72514 | Bazaar   | Found Zobbaf's Gadget Shoppe.
 72534 | Bazaar   | Bought a wand of hasting (4) for 384 gold pieces
 72579 | Bazaar   | Bought the ring "Durphuape" {rElec rC+ EV+1 Str+2} for 253 gold pieces
 72767 | Lair:2   | Bought a wavering jade ring for 175 gold pieces
 72767 | Lair:2   | Bought a fine dagger for 245 gold pieces
 72767 | Lair:2   | Identified the +7 dagger of the Blowfly {elec, Str+6} (You bought it in a shop on level 2 of the Lair of Beasts)
 72771 | Lair:2   | Identified the ring of Xom's Sleight of Hands {rF+ Stlth+} (You bought it in a shop on level 2 of the Lair of Beasts)
 72779 | Lair:2   | Bought the ring "Xem Esuh" {rElec rC+ Dex+2 Stlth+} for 597 gold pieces
 73124 | Depths:3 | Voluntarily entered the Abyss.
 73671 | Abyss:2  | Found a corrupted altar of Lugonu.
 73845 | Abyss:5  | Entered Level 5 of the Abyss
 74557 | Abyss:5  | Got a dazzling great mace
 74687 | Abyss:5  | Noticed an ancient lich
 74709 | Abyss:5  | Killed an ancient lich
 74763 | Abyss:5  | Paralysed by accursed screaming for 1 turns
 74855 | Abyss:5  | Identified a +4 rod of shadows (14/14) (You found it on level 5 of the Abyss)
 74856 | Abyss:5  | Identified a +8 rod of ignition (10/10) (You found it on level 5 of the Abyss)
 74894 | Abyss:5  | Reached skill level 15 in Dodging
 75553 | Abyss:5  | Found a corrupted altar of Lugonu.
 76111 | Abyss:5  | Paralysed by accursed screaming for 1 turns
 76420 | Abyss:5  | Got an abyssal rune of Zot
 76571 | Abyss:5  | Found a corrupted altar of Lugonu.
 76596 | Depths:3 | Escaped the Abyss
 76627 | Hell     | Bought an obsidian-encrusted ring mail for 162 gold pieces
 76627 | Hell     | Bought a runed cloak for 81 gold pieces
 76627 | Hell     | Bought a runed cloak for 81 gold pieces
 76637 | Hell     | Identified the +1 ring mail "Naweut" {rC+ MR- MP+9} (You bought it in a shop in the Vestibule of Hell)
 76678 | Hell     | Bought an embroidered cloak for 81 gold pieces
 76678 | Hell     | Bought a pair of runed gloves for 81 gold pieces
 76756 | Hell     | Identified the +5 great mace "Vine's Death" {venom, rF++ rN+ MR- SInv} (You found it on level 5 of the Abyss)
 76921 | D:12     | Bought a heavily runed fire dragon armour for 1495 gold pieces
 76931 | D:12     | Identified the cursed +0 fire dragon armour of the Princess {rF++ rC- MR+ Dex-5 Slay+6 Stlth+} (You bought it in a shop on level 12 of the Dungeon)
 77468 | Coc:1    | Entered Level 1 of Cocytus
 78736 | Coc:7    | Entered Level 7 of Cocytus
 78841 | Coc:7    | Got a steaming large shield
 78852 | Coc:7    | Identified the +0 large shield of Syorol {rElec} (You acquired it on level 7 of Cocytus)
 79598 | Coc:7    | Noticed Antaeus
 79667 | Coc:7    | Killed Antaeus
 79675 | Coc:7    | Got an icy rune of Zot
 79811 | Coc:7    | Got a pair of steaming gloves
 79844 | Coc:7    | Got a distressingly furry robe
 80034 | Hell     | Identified the cursed +0 pair of gloves of Fun and Games {rElec MP+9} (You found it on level 7 of Cocytus)
 80054 | Hell     | Identified the cursed -5 robe of Misfortune {-Cast *Contam *Tele EV-4 Str-2 Int-2 Dex-2 Stlth-- *Curse} (You found it on level 7 of Cocytus)
 80089 | Hell     | Identified a cursed +4 rod of shadows (12/12) (You found it on level 7 of Cocytus)
 80604 | Lair:2   | Learned a level 6 spell: Death Channel
 80609 | Lair:2   | Learned a level 4 spell: Petrify
 80617 | Lair:2   | Bought a +4 ring of slaying for 1092 gold pieces
 81566 | Depths:1 | Found Xottoqar's Assorted Antiques.
 81587 | Depths:1 | Found Eled's Weapon Boutique.
 81722 | Depths:1 | Found a gateway to a ziggurat.
 81722 | Depths:1 | Noticed an ancient lich
 81749 | Depths:1 | Killed an ancient lich
 82131 | Depths:1 | Found Sisaor's Jewellery Boutique.
 82439 | Zot:1    | Entered Level 1 of the Realm of Zot
 85054 | Zot:4    | Reached skill level 15 in Armour
 85262 | Zot:4    | Got a pair of shimmering boots
 85273 | Zot:4    | Identified the +1 pair of boots of Rutu Dyzebug {rC+ rCorr} (You found it on level 4 of the Realm of Zot)
 86399 | Zot:5    | Entered Level 5 of the Realm of Zot
 86598 | Zot:5    | Found a huge runed gate.
 86598 | Zot:5    | Found a huge runed gate.
 86599 | Zot:5    | Found a huge runed gate.
 86599 | Zot:5    | Found a huge runed gate.
 86599 | Zot:5    | Found a huge runed gate.
 86600 | Zot:5    | Found a huge runed gate.
 86600 | Zot:5    | Found a huge runed gate.
 86600 | Zot:5    | Found a huge runed gate.
 86609 | Zot:5    | Found a huge runed gate.
 86609 | Zot:5    | Found a huge runed gate.
 86609 | Zot:5    | Found a huge runed gate.
 86619 | Zot:5    | Noticed an orb of fire
 86673 | Zot:5    | Killed an orb of fire
 88250 | Geh:4    | Reached skill level 23 in Fighting
 89241 | Geh:7    | Noticed Asmodeus
 89301 | Geh:7    | Killed Asmodeus
 89308 | Geh:7    | Gained mutation: You have a somewhat thin skeletal structure (Dex +2, Stealth). [mutagenic glow]
 89359 | Geh:7    | Identified the Grimoire of Flight and Confrontation
 89367 | Geh:7    | Got a scorched hand axe
 89372 | Geh:7    | Got an ichor-stained morningstar
 89381 | Geh:7    | Gained mutation: Your body sometimes deteriorates upon taking damage. [mutagenic glow]
 89383 | Geh:7    | Got an obsidian rune of Zot
 89395 | Geh:7    | Identified the Papyrus of Curses
 89429 | Geh:7    | Identified the Grimoire of Transmigration and Envenoming
 89448 | Geh:7    | Identified the cursed +3 hand axe "Taudwue Voech" {pain, *Drain rElec rN+ Str+6} (You found it on level 7 of Gehenna)
 89460 | Geh:7    | Identified the cursed +3 morningstar "Xovuus" {crush, rF+ Dex+3} (You found it on level 7 of Gehenna)
 89475 | Geh:7    | Got a jewelled hand crossbow
 89483 | Geh:7    | Identified the +2 hand crossbow "Okeorer" {penet, +Blink rF+ MR++} (You found it on level 7 of Gehenna)
 89487 | Geh:7    | Cast into the Abyss (a distortion unwield)
 89568 | Abyss:1  | Paralysed by accursed screaming for 2 turns
 89573 | Abyss:1  | Noticed an ancient lich
 89580 | Abyss:1  | Paralysed by accursed screaming for 2 turns
 89587 | Abyss:1  | Noticed an ancient lich
 89598 | Abyss:1  | Paralysed by accursed screaming for 1 turns
 89609 | Abyss:1  | Found a corrupted altar of Lugonu.
 89620 | Abyss:1  | Killed an ancient lich
 89650 | Abyss:1  | Killed an ancient lich
 89797 | Abyss:1  | Found a corrupted altar of Lugonu.
 89986 | Geh:7    | Escaped the Abyss
 90060 | Hell     | Bought a scroll of remove curse for 72 gold pieces
 90060 | Hell     | Bought a scroll of teleportation for 72 gold pieces
 90060 | Hell     | Bought a scroll of identify for 48 gold pieces
 90060 | Hell     | Bought a scroll of identify for 48 gold pieces
 90060 | Hell     | Bought 3 scrolls of enchant weapon for 540 gold pieces
 90060 | Hell     | Bought a scroll of identify for 48 gold pieces
 90060 | Hell     | Bought a scroll of remove curse for 72 gold pieces
 90162 | Tar:1    | Entered Level 1 of Tartarus
 92269 | Tar:6    | Reached skill level 15 in Short Blades
 92612 | Tar:7    | Entered Level 7 of Tartarus
 92687 | Tar:7    | Noticed an ancient lich
 92714 | Tar:7    | Killed an ancient lich
 93056 | Tar:7    | Got a slimy zirconium amulet
 93084 | Tar:7    | Identified the Papyrus of Fiery Attacks (You found it on level 7 of Tartarus)
 93086 | Tar:7    | Identified the amulet of Obsession {rElec Regen+} (You found it on level 7 of Tartarus)
 93249 | Tar:7    | Reached skill level 24 in Fighting
 93468 | Tar:7    | Noticed Ereshkigal
 93557 | Tar:7    | Killed Ereshkigal
 93598 | Tar:7    | Got a bone rune of Zot
 93722 | Tar:7    | Identified the Guide on Clay (You found it on level 7 of Tartarus)
 93761 | Tar:7    | Noticed an ancient lich
 93768 | Tar:7    | Killed an ancient lich
 94134 | Tar:7    | Identified a +3 rod of ignition (13/13) (You found it on level 7 of Tartarus)
 94374 | Tar:7    | Gained mutation: Your magical capacity is low (-10% MP). [mutagenic glow]
 94652 | Dis:1    | Entered Level 1 of the Iron City of Dis
 96527 | Dis:7    | Entered Level 7 of the Iron City of Dis
 97064 | Dis:7    | Identified the Compendium of Confrontation
 97066 | Dis:7    | Identified the Handbook of Mutagenic Toxins
 97213 | Dis:7    | Reached skill level 1 in Transmutations
 97277 | Dis:7    | Got a dazzling spear
 97427 | Dis:7    | Got a shimmering trident
 97432 | Dis:7    | Identified the cursed +0 trident "Dahumoma" {pierce, *Confuse +Fly rN+ Dex+4} (You found it on level 7 of the Iron City of Dis)
 97436 | Dis:7    | Identified the +5 spear "Raisin" {freeze, rElec rPois rF- SInv} (You found it on level 7 of the Iron City of Dis)
 97807 | Dis:7    | Got a slimy ring mail
 97823 | Dis:7    | Identified the +1 ring mail "Moefoixohe" {MR+} (You found it on level 7 of the Iron City of Dis)
 97916 | Dis:7    | Got a slimy leather armour
 97978 | Dis:7    | Noticed Dispater
 98053 | Dis:7    | Killed Dispater
 98142 | Dis:7    | Got an iron rune of Zot
 98144 | Dis:7    | Got a blackened great sword
 98150 | Dis:7    | Identified the cursed +1 great sword "Den Zey" {elec, rF+ Str+2 SInv} (You found it on level 7 of the Iron City of Dis)
 98435 | Hell     | Identified the +1 leather armour of Grace {rC+ MP-9 Stlth+} (You found it on level 7 of the Iron City of Dis)
 98658 | D:12     | Bought an ichor-stained swamp dragon armour for 1265 gold pieces
 98668 | D:12     | Identified the +1 swamp dragon armour "Hacudo" {rPois Str+4} (You bought it in a shop on level 12 of the Dungeon)
 98867 | Pan      | Entered Pandemonium
 98867 | Pan      | Found an exit through the horrors of the Abyss.
 98885 | Pan      | Found a runed door.
 98978 | Pan      | Noticed Ahut Kud the pandemonium lord
 98993 | Pan      | Killed Ahut Kud the pandemonium lord
 98998 | Pan      | Got a demonic rune of Zot
 99326 | Pan      | Reached skill level 5 in Transmutations
100201 | Pan      | Found an exit through the horrors of the Abyss.
100291 | Pan      | Noticed Lygux the pandemonium lord
100310 | Pan      | Killed Lygux the pandemonium lord
101024 | Depths:1 | Escaped Pandemonium
101030 | Depths:1 | Got a crude cloak
101041 | Depths:1 | Identified the -4 cloak of Buosap {rPois rC+ Str+2} (You acquired it on level 1 of the Depths)
101055 | Pan      | Entered Pandemonium
101055 | Pan      | Found a gateway to a ziggurat.
101236 | Pan      | Noticed Tyazat the pandemonium lord
101269 | Pan      | Reached skill level 25 in Fighting
101498 | Pan      | Found an exit through the horrors of the Abyss.
101679 | Pan      | Killed Tyazat the pandemonium lord
102161 | Zig:1    | Entered Level 1 of a ziggurat
102170 | Zig:1    | Got a scorched lapis lazuli ring
102178 | Zig:1    | Identified the ring "Qiaret" {*Confuse +Fly rF+ Str+2 Stlth+} (You found it on level 1 of a ziggurat)
102182 | Zig:2    | Entered Level 2 of a ziggurat
102196 | Zig:3    | Entered Level 3 of a ziggurat
102234 | Zig:4    | Entered Level 4 of a ziggurat
102279 | Zig:4    | Got a translucent cloak
102282 | Zig:4    | Got a brightly glowing long sword
102285 | Zig:5    | Entered Level 5 of a ziggurat
102369 | Zig:5    | Got a translucent long sword
102383 | Zig:6    | Entered Level 6 of a ziggurat
102457 | Zig:6    | Identified the +1 long sword of the Priest {flame, +Inv rElec rN+ Str-4} (You found it on level 4 of a ziggurat)
102458 | Zig:6    | Identified the +3 long sword of Disaster {antimagic, rElec} (You found it on level 5 of a ziggurat)
102464 | Zig:6    | Got a shimmering long sword
102465 | Zig:6    | Identified the +6 long sword "Abbis" {slice, +Inv rC+ Stlth+} (You found it on level 6 of a ziggurat)
102478 | Zig:6    | Identified the +2 cloak "Doav" {rN++} (You found it on level 4 of a ziggurat)
102572 | Zig:7    | Entered Level 7 of a ziggurat
102666 | Zig:7    | Got a warped whip
102735 | Zig:7    | Identified the +4 whip "Nyatir" {freeze, Str+3 Int-3 Dex+5} (You found it on level 7 of a ziggurat)
102742 | Zig:8    | Entered Level 8 of a ziggurat
102863 | Zig:8    | Got a heavily runed marble ring
102875 | Zig:8    | Got a slimy cloak
102886 | Zig:8    | Identified the +2 cloak of Leaves {MP+9} (You found it on level 8 of a ziggurat)
102925 | Zig:8    | Identified the ring of the Exiled Mice {+/*Tele Dex+2 SInv} (You found it on level 8 of a ziggurat)
102934 | Zig:9    | Entered Level 9 of a ziggurat
103056 | Zig:10   | Entered Level 10 of a ziggurat
103164 | Zig:11   | Entered Level 11 of a ziggurat
103176 | Zig:11   | Noticed an ancient lich
103218 | Zig:11   | Killed an ancient lich
103290 | Zig:11   | Identified the Catalogue of the Oath
103312 | Zig:12   | Entered Level 12 of a ziggurat
103458 | Zig:12   | Identified Circhelimm's Handbook of Flamy Confrontation
103490 | Zig:13   | Entered Level 13 of a ziggurat
103495 | Zig:13   | Noticed Tothru Usoce the pandemonium lord
103498 | Zig:13   | Noticed Haomel the pandemonium lord
103506 | Zig:13   | Noticed Qirhok the pandemonium lord
103514 | Zig:13   | Killed Haomel the pandemonium lord
103514 | Zig:13   | Reached skill level 5 in Evocations
103540 | Zig:13   | Killed Tothru Usoce the pandemonium lord
103567 | Zig:13   | Killed Qirhok the pandemonium lord
103699 | Zig:13   | Got a glittering copper ring
103701 | Zig:13   | Identified the ring "Satoxa" {Ice MR+ Str+3} (You found it on level 13 of a ziggurat)
103712 | Zig:14   | Entered Level 14 of a ziggurat
103731 | Zig:14   | Noticed Jaymi the pandemonium lord
103762 | Zig:15   | Entered Level 15 of a ziggurat
104050 | Zig:15   | Got a pitted tin ring
104052 | Zig:15   | Identified the ring "Nikiros" {+/*Tele MR+} (You found it on level 15 of a ziggurat)
104076 | Zig:15   | Got a scintillating silver ring
104077 | Zig:15   | Identified the ring "Plog" {rC+ Dex+4 Stlth+} (You found it on level 15 of a ziggurat)
104101 | Zig:16   | Entered Level 16 of a ziggurat
104113 | Zig:16   | Noticed 4thArraOfDagon's ghost (legendary HOBe)
104304 | Zig:16   | Killed 4thArraOfDagon's ghost
104432 | Zig:16   | Reached skill level 10 in Transmutations
104441 | Zig:16   | Got a translucent plate armour
104452 | Zig:16   | Identified the +2 plate armour of the Pink Corner {Regen+} (You found it on level 16 of a ziggurat)
104491 | Zig:16   | Got a bloodstained ring mail
104502 | Zig:16   | Identified the +5 ring mail of Qulem {Dex-5 Slay+3 Stlth+} (You found it on level 16 of a ziggurat)
104527 | Zig:17   | Entered Level 17 of a ziggurat
104743 | Zig:17   | Identified Cigotuvi's Almanac of Changing (You found it on level 17 of a ziggurat)
104768 | Zig:17   | Got a ring of the Octopus King
104790 | Zig:17   | Identified a ring of the Octopus King {Wiz AC+1 EV+1 Str+1 Int+1 Dex+1} (You found it on level 17 of a ziggurat)
104795 | Zig:17   | Got a coiled golden ring
104796 | Zig:17   | Identified the ring "Milo" {rC+ AC+3} (You found it on level 17 of a ziggurat)
104873 | Depths:1 | Escaped Pandemonium
104938 | Hell     | Lost mutation: Your magical capacity is low (-10% MP). [potion of cure mutation]
104938 | Hell     | Lost mutation: Your body sometimes deteriorates upon taking damage. [potion of cure mutation]
104938 | Hell     | Lost mutation: You have a somewhat thin skeletal structure (Dex +2, Stealth). [potion of cure mutation]
104985 | Pan      | Entered Pandemonium
104985 | Pan      | Found an exit through the horrors of the Abyss.
105133 | Pan      | Noticed Otiy the pandemonium lord
105166 | Pan      | Killed Otiy the pandemonium lord
106051 | Pan      | Entered the realm of Gloorx Vloq.
106371 | Pan      | Noticed Gloorx Vloq
106396 | Pan      | Killed Gloorx Vloq
106438 | Pan      | Got a dark rune of Zot
106739 | Pan      | Found an exit through the horrors of the Abyss.
107190 | Pan      | Noticed Meterage the pandemonium lord
107284 | Pan      | Killed Meterage the pandemonium lord
107406 | Pan      | Found an exit through the horrors of the Abyss.
108151 | Pan      | Found an exit through the horrors of the Abyss.
108300 | Pan      | Noticed Rohargh the pandemonium lord
108324 | Pan      | Killed Rohargh the pandemonium lord
109029 | Pan      | Found an exit through the horrors of the Abyss.
109090 | Pan      | Noticed Vairubos the pandemonium lord
109093 | Pan      | Killed Vairubos the pandemonium lord
109753 | Pan      | Noticed Ohyeludgh the pandemonium lord
109771 | Pan      | Killed Ohyeludgh the pandemonium lord
109802 | Pan      | Reached skill level 26 in Fighting
109835 | Pan      | Found an exit through the horrors of the Abyss.
110762 | Pan      | Found an exit through the horrors of the Abyss.
110776 | Pan      | Noticed Ynomofac the pandemonium lord
110804 | Pan      | Killed Ynomofac the pandemonium lord
111790 | Depths:1 | Escaped Pandemonium
111831 | Hell     | Bought a dazzling ring mail for 306 gold pieces
111831 | Hell     | Bought an ancient chain mail for 323 gold pieces
111831 | Hell     | Bought a fine leather armour for 238 gold pieces
111831 | Hell     | Bought a brightly glowing robe for 193 gold pieces
111841 | Hell     | Identified the +3 ring mail "Xesiposo" {rC++ MR- Str+2} (You bought it in a shop in the Vestibule of Hell)
111851 | Hell     | Identified the cursed +1 leather armour of Sif Muna's Favour {rElec Slay+2} (You bought it in a shop in the Vestibule of Hell)
111862 | Hell     | Identified the cursed +0 chain mail of Nemelex Xobeh's Wrath {*Drain rPois rF+ Str+7} (You bought it in a shop in the Vestibule of Hell)
111928 | Pan      | Entered Pandemonium
111928 | Pan      | Noticed Poguevul the pandemonium lord
111931 | Pan      | Killed Poguevul the pandemonium lord
112230 | Pan      | Found an exit through the horrors of the Abyss.
112378 | Pan      | Reached skill level 15 in Transmutations
112981 | Pan      | Found an exit through the horrors of the Abyss.
113296 | Pan      | Noticed Buogih the pandemonium lord
113318 | Pan      | Killed Buogih the pandemonium lord
113648 | Pan      | Entered the realm of Cerebov.
114060 | Pan      | Identified a +4 rod of shadows (10/10) (You found it in Pandemonium)
114229 | Pan      | Got a transparent robe
114252 | Pan      | Noticed Cerebov
114314 | Pan      | Killed Cerebov
114314 | Pan      | Reached skill level 15 in Translocations
114393 | Pan      | Identified the +1 robe of Paranoia {MR+ rCorr Str+7 Stlth+} (You found it in Pandemonium)
114412 | Pan      | Identified Sif Muna's Disquisition on Captivating Confrontation (You found it in Pandemonium)
114475 | Pan      | Got a fiery rune of Zot
114486 | Pan      | Identified a +1 rod of clouds (10/10) (You took it off a balrug in Pandemonium)
114511 | Pan      | Learned a level 5 spell: Phase Shift
114518 | Pan      | Learned a level 6 spell: Darkness
114525 | Pan      | Learned a level 6 spell: Mass Confusion
114584 | Pan      | Identified Umuryihe's Almanac of Supportive Attacks
114968 | Pan      | Found an exit through the horrors of the Abyss.
115496 | Pan      | Noticed Uluecvol the pandemonium lord
115506 | Pan      | Killed Uluecvol the pandemonium lord
115613 | Pan      | Found an exit through the horrors of the Abyss.
116659 | Pan      | Found an exit through the horrors of the Abyss.
116953 | Pan      | Reached skill level 5 in Hexes
117390 | Depths:1 | Escaped Pandemonium
117441 | Hell     | Bought a wand of disintegration (14) for 342 gold pieces
117441 | Hell     | Bought a scroll of teleportation for 57 gold pieces
117441 | Hell     | Bought 4 curare-tipped needles for 45 gold pieces
117465 | Hell     | Bought the amulet of Onimosmi {Clar MR++ Str+3 Dex-5 Slay+5} for 1044 gold pieces
117784 | Tomb:1   | Entered Level 1 of the Tomb of the Ancients
117957 | Tomb:1   | Noticed Sojobo
117973 | Tomb:1   | Killed Sojobo
118576 | Tomb:1   | Got a smelly leather armour
118839 | Tomb:2   | Noticed brucemayne's ghost (veteran VSBe)
119078 | Tomb:2   | Killed brucemayne's ghost
119720 | Tomb:1   | Identified the cursed +0 leather armour "Tyomud" {rC+} (You found it on level 1 of the Tomb of the Ancients)
119768 | Tomb:1   | Noticed Khufu
119779 | Tomb:1   | Killed Khufu
120228 | Tomb:3   | Entered Level 3 of the Tomb of the Ancients
120267 | Tomb:3   | Reached skill level 10 in Hexes
120271 | Tomb:3   | Noticed an ancient lich
120320 | Tomb:3   | Killed an ancient lich
120462 | Tomb:3   | Got a golden rune of Zot
120640 | Tomb:3   | Got a slimy ring mail
120651 | Tomb:3   | Identified the +1 ring mail of Resourcefulness {rPois rF+ rN+} (You found it on level 3 of the Tomb of the Ancients)
120678 | Tomb:3   | Got a flickering golden ring
120680 | Tomb:3   | Got a transparent copper ring
120682 | Tomb:3   | Identified the ring "Duet" {*Corrode +Fly rF+ Str+3} (You found it on level 3 of the Tomb of the Ancients)
120684 | Tomb:3   | Identified the ring "Extum" {rF+ Stlth-} (You found it on level 3 of the Tomb of the Ancients)
120720 | Tomb:3   | Got a shimmering blowgun
120721 | Tomb:3   | Identified the +10 blowgun of Doom {evade, rElec Str+4} (You found it on level 3 of the Tomb of the Ancients)
120755 | Tomb:3   | Got a translucent chain mail
120766 | Tomb:3   | Identified the +4 chain mail "Zoydinnu" {rN+ Int+7} (You found it on level 3 of the Tomb of the Ancients)
122610 | Pan      | Entered Pandemonium
123023 | Pan      | Found an exit through the horrors of the Abyss.
123198 | Pan      | Noticed Gapefeq the pandemonium lord
123212 | Pan      | Killed Gapefeq the pandemonium lord
123595 | Pan      | Found an exit through the horrors of the Abyss.
123925 | Pan      | Noticed Restuf the pandemonium lord
123938 | Pan      | Killed Restuf the pandemonium lord
124524 | Pan      | Found an exit through the horrors of the Abyss.
125021 | Pan      | Noticed Kixuem the pandemonium lord
125047 | Pan      | Killed Kixuem the pandemonium lord
125109 | Pan      | Entered the realm of Mnoleg.
125333 | Pan      | Found an exit through the horrors of the Abyss.
125535 | Pan      | Noticed Mnoleg
125543 | Pan      | Killed Mnoleg
125565 | Pan      | Got a glowing rune of Zot
125870 | Pan      | Got a scorched great mace
126568 | Pan      | Gained mutation: Armour fits poorly on your strangely shaped body. [a shining eye]
126680 | Pan      | Noticed Feblun the pandemonium lord
126712 | Pan      | Killed Feblun the pandemonium lord
126909 | Pan      | Found a gateway to a ziggurat.
127195 | Pan      | Found an exit through the horrors of the Abyss.
127428 | Pan      | Identified the +5 great mace "Risupt" {vamp, Str+6} (You found it in Pandemonium)
127800 | Zig:1    | Entered Level 1 of a ziggurat
127815 | Zig:2    | Entered Level 2 of a ziggurat
127848 | Zig:3    | Entered Level 3 of a ziggurat
127883 | Zig:4    | Entered Level 4 of a ziggurat
127941 | Zig:5    | Entered Level 5 of a ziggurat
127996 | Zig:6    | Entered Level 6 of a ziggurat
128059 | Zig:6    | Got a fine buckler
128073 | Zig:6    | Identified the +1 buckler "Jelio" {Dex+2 Stlth+} (You found it on level 6 of a ziggurat)
128087 | Zig:7    | Entered Level 7 of a ziggurat
128115 | Zig:7    | Paralysed by accursed screaming for 1 turns
128195 | Zig:8    | Entered Level 8 of a ziggurat
128265 | Zig:8    | Identified Lee's Compendium of Scorching Attacks
128290 | Zig:9    | Entered Level 9 of a ziggurat
128295 | Zig:9    | Noticed an ancient lich
128295 | Zig:9    | Noticed an ancient lich
128312 | Zig:9    | Killed an ancient lich
128324 | Zig:9    | Killed an ancient lich
128393 | Zig:9    | Got a fine buckler
128404 | Zig:9    | Identified the -3 buckler of a ziggurat {rN+ Regen+} (You found it on level 9 of a ziggurat)
128422 | Zig:9    | Learned a level 2 spell: Blink
128435 | Zig:10   | Entered Level 10 of a ziggurat
128537 | Zig:10   | Got a smoking iron ring
128539 | Zig:10   | Identified the ring "Enunlyas" {rPois MR+ AC+3} (You acquired it on level 10 of a ziggurat)
128572 | Zig:10   | Got a faintly glowing chain mail
128583 | Zig:10   | Identified the +8 chain mail of the Swamp {rElec Dex+2} (You found it on level 10 of a ziggurat)
128584 | Zig:10   | Got an ancient chain mail
128595 | Zig:10   | Identified the cursed +0 chain mail of Xumib Zymom {Dex+4} (You found it on level 10 of a ziggurat)
128640 | Zig:11   | Entered Level 11 of a ziggurat
128753 | Zig:11   | Identified the Incunabulum of Augmentations
128772 | Zig:11   | Got a twisted long sword
128776 | Zig:11   | Identified the +7 long sword of Dawn {holy, +Inv rElec Dex-4 Stlth+} (You found it on level 11 of a ziggurat)
128783 | Zig:12   | Entered Level 12 of a ziggurat
128889 | Zig:12   | Got a sparkling amethyst amulet
128891 | Zig:12   | Identified the amulet of the Duchess {Stasis MR+ Int+2 Dex+3 Stlth-} (You found it on level 12 of a ziggurat)
129176 | Zig:13   | Entered Level 13 of a ziggurat
129285 | Zig:13   | Got a pitted swamp dragon armour
129296 | Zig:13   | Identified the +2 swamp dragon armour of the Orange Skies {rPois Int+2} (You found it on level 13 of a ziggurat)
129309 | Zig:13   | Got a translucent flail
129310 | Zig:13   | Identified the +5 flail of Reusm {elec, rF+} (You found it on level 13 of a ziggurat)
129376 | Zig:14   | Entered Level 14 of a ziggurat
129385 | Zig:14   | Noticed an ancient lich
129413 | Zig:14   | Killed an ancient lich
129611 | Zig:15   | Entered Level 15 of a ziggurat
129771 | Zig:15   | Got a scorched tin ring
129774 | Zig:15   | Identified the ring "Ixzih" {rElec rF+ MP+9 Str-3 Stlth-} (You found it on level 15 of a ziggurat)
129778 | Zig:15   | Got a pitted lapis lazuli ring
129779 | Zig:15   | Identified the ring of Aluibei {rPois MR+ Int+3} (You found it on level 15 of a ziggurat)
129783 | Zig:15   | Got a crude demon whip
129784 | Zig:15   | Identified the +5 demon whip of the Evening {freeze, -Tele +Rage rPois Int+6} (You found it on level 15 of a ziggurat)
129788 | Zig:15   | Got a warped bronze amulet
129790 | Zig:15   | Identified the amulet "Kudirar" {Clar +Fly Int+4} (You found it on level 15 of a ziggurat)
129794 | Zig:15   | Got a warped long sword
129795 | Zig:15   | Identified the cursed +3 long sword "Biurph" {drain, rElec rC+ Str-5} (You found it on level 15 of a ziggurat)
129819 | Zig:16   | Entered Level 16 of a ziggurat
129973 | Zig:16   | Identified Heasampo's Further Steps in Rites and Rhymes
129998 | Zig:16   | Got a sparkling glass ring
130000 | Zig:16   | Identified the ring "Byosm" {rN+ SInv} (You found it on level 16 of a ziggurat)
130026 | Zig:16   | Got an ancient great sword
130032 | Zig:16   | Identified the cursed +1 great sword of Valour {slice, Int+3} (You found it on level 16 of a ziggurat)
130052 | Zig:17   | Entered Level 17 of a ziggurat
130104 | Zig:17   | Paralysed by accursed screaming for 2 turns
130132 | Zig:17   | Paralysed by accursed screaming for 2 turns
130164 | Zig:17   | Paralysed by accursed screaming for 2 turns
130245 | Zig:17   | Got a fine gossamer ring
130247 | Zig:17   | Identified the ring of the Enemy {Fire *Confuse MP+9 Str+6 Dex+4} (You found it on level 17 of a ziggurat)
130360 | Zig:17   | Got a crude chain mail
130371 | Zig:17   | Identified the cursed +1 chain mail of Opure {rF+} (You found it on level 17 of a ziggurat)
130374 | Zig:17   | Identified Tyutie's Collected Works on Stolen Souls (You found it on level 17 of a ziggurat)
130380 | Zig:17   | Identified Pous's Catalogue of Warped Execration (You found it on level 17 of a ziggurat)
130384 | Zig:17   | Got a pair of faintly humming boots
130395 | Zig:17   | Identified the cursed +0 pair of boots of the Thirteen Wonders {Regen+ SInv} (You found it on level 17 of a ziggurat)
130411 | Zig:17   | Got a twitching garnet amulet
130412 | Zig:17   | Identified the amulet of Keuzylam {Stasis rPois rC+} (You found it on level 17 of a ziggurat)
130427 | Zig:18   | Entered Level 18 of a ziggurat
130728 | Zig:18   | Got a smoking tin amulet
130730 | Zig:18   | Identified the amulet of Bimannot {Spirit Str+5} (You found it on level 18 of a ziggurat)
130735 | Zig:18   | Got a shimmering turquoise ring
130737 | Zig:18   | Identified the cursed ring "Vugerain" {Str-3 Dex+5} (You found it on level 18 of a ziggurat)
130742 | Zig:18   | Identified the Catalogue of Stones
130772 | Zig:19   | Entered Level 19 of a ziggurat
130934 | Zig:19   | Got an ancient fire dragon armour
130946 | Zig:19   | Identified the +5 fire dragon armour "Etwapny" {rF++ rC- Int+5 Dex-4} (You found it on level 19 of a ziggurat)
131085 | Zig:20   | Entered Level 20 of a ziggurat
131097 | Zig:20   | Noticed Fediyl the pandemonium lord
131103 | Zig:20   | Noticed Orudoal the pandemonium lord
131104 | Zig:20   | Noticed Anayck the pandemonium lord
131105 | Zig:20   | Noticed Qawol the pandemonium lord
131107 | Zig:20   | Noticed Nuahefay the pandemonium lord
131107 | Zig:20   | Noticed Mutusun the pandemonium lord
131116 | Zig:20   | Noticed Zofave the pandemonium lord
131116 | Zig:20   | Killed Qawol the pandemonium lord
131117 | Zig:20   | Noticed Ocupnil the pandemonium lord
131121 | Zig:20   | Noticed Hikhlid the pandemonium lord
131125 | Zig:20   | Noticed Irchuthym the pandemonium lord
131129 | Zig:20   | Killed Anayck the pandemonium lord
131162 | Zig:20   | Killed Fediyl the pandemonium lord
131177 | Zig:20   | Killed Ocupnil the pandemonium lord
131181 | Zig:20   | Banished Orudoal the pandemonium lord
131224 | Zig:20   | Killed Irchuthym the pandemonium lord
131230 | Zig:20   | Killed Zofave the pandemonium lord
131237 | Zig:20   | Killed Mutusun the pandemonium lord
131273 | Zig:20   | Killed Nuahefay the pandemonium lord
131278 | Zig:20   | Killed Hikhlid the pandemonium lord
131342 | Zig:20   | Got a pair of heavily runed gloves
131353 | Zig:20   | Identified the cursed -4 pair of gloves "Vauh" {+Inv} (You found it on level 20 of a ziggurat)
131383 | Zig:20   | Learned a level 8 spell: Necromutation
131386 | Zig:20   | Got a crude iron ring
131388 | Zig:20   | Identified the cursed ring of the Grey Skies {AC-3 Dex+3} (You found it on level 20 of a ziggurat)
131397 | Zig:20   | Got a steaming silver amulet
131398 | Zig:20   | Identified the amulet of Conformity {Ward rPois rN+ Str+2 Int+3 Dex+4} (You found it on level 20 of a ziggurat)
131421 | Zig:20   | Identified the Incunabulum of the Turnip
131494 | Zig:21   | Entered Level 21 of a ziggurat
131843 | Zig:21   | Got a smoking amber ring
131848 | Zig:21   | Identified the ring "Retik" {Ice *Contam +Fly Slay+3 SInv} (You found it on level 21 of a ziggurat)
131854 | Zig:21   | Got a polished ring mail
131865 | Zig:21   | Identified the +3 ring mail "Bybauri" {+Fly rN+ Str-5} (You found it on level 21 of a ziggurat)
131873 | Zig:21   | Got a vibrating jade ring
131875 | Zig:21   | Identified the ring of Grace {Wiz rN+ MP+9 Int+4 Dex+2} (You found it on level 21 of a ziggurat)
131900 | Zig:21   | Got a faintly glowing graven amulet
131902 | Zig:21   | Identified the amulet of Ashenzari's Delight {Stasis rElec rC+ MR+++ Dex-3} (You found it on level 21 of a ziggurat)
131938 | Zig:21   | Identified the Compendium of Confrontation
131948 | Zig:21   | Got an encrusted mace
131949 | Zig:21   | Identified the +5 mace of Evil {drain, MP-9 Str+4 Int+2} (You found it on level 21 of a ziggurat)
132241 | Zig:22   | Entered Level 22 of a ziggurat
132493 | Zig:22   | Got a pair of transparent gloves
132504 | Zig:22   | Identified the cursed -2 pair of gloves of Parts Unknown {Int-2 Dex+2 Stlth+} (You found it on level 22 of a ziggurat)
132573 | Zig:23   | Entered Level 23 of a ziggurat
132608 | Zig:23   | Reached skill level 10 in Throwing
132953 | Zig:23   | Got a polished cloak
132965 | Zig:23   | Identified the +1 cloak of Lecwes {Regen+} (You found it on level 23 of a ziggurat)
133071 | Zig:24   | Entered Level 24 of a ziggurat
133447 | Zig:24   | Identified the Incunabulum of the Compass
133506 | Zig:24   | Got a translucent pewter ring
133511 | Zig:24   | Identified the ring "Ykherao" {rF+ Int+2 Dex+3} (You found it on level 24 of a ziggurat)
133518 | Zig:24   | Got an ancient ring mail
133529 | Zig:24   | Identified the +3 ring mail "Vidor" {rPois rF+ MR+ Str-4} (You found it on level 24 of a ziggurat)
133545 | Zig:24   | Got a transparent trident
133546 | Zig:24   | Identified the +11 trident "Siorch" {pierce, rC+ Int+2 SInv} (You found it on level 24 of a ziggurat)
133549 | Zig:24   | Got a crude great sword
133550 | Zig:24   | Identified the +7 great sword of Noireos {venom, rN++ MP-9 Int+2 Stlth+} (You found it on level 24 of a ziggurat)
133566 | Zig:24   | Got a pearl-encrusted scale mail
133572 | Zig:24   | Identified the +3 scale mail of Winter {rF+ MR+} (You found it on level 24 of a ziggurat)
133610 | Zig:25   | Entered Level 25 of a ziggurat
133975 | Zig:25   | Identified Gerin's Tome of Harmful Poison
133978 | Zig:25   | Got a heavily runed chain mail
133989 | Zig:25   | Identified the +5 chain mail "Siluex" {Int+4} (You found it on level 25 of a ziggurat)
133996 | Zig:25   | Got a shimmering lapis lazuli ring
133998 | Zig:25   | Identified the cursed ring "Omath" {EV-3 Dex+4} (You found it on level 25 of a ziggurat)
134049 | Zig:25   | Got an ivory dagger
134050 | Zig:25   | Identified the cursed +1 dagger of Wyojou Qaitt {flame, rElec} (You found it on level 25 of a ziggurat)
134066 | Zig:25   | Identified a +4 rod of clouds (10/10) (You found it on level 25 of a ziggurat)
134288 | Zig:26   | Entered Level 26 of a ziggurat
134306 | Zig:26   | Noticed Vaeni the pandemonium lord
134306 | Zig:26   | Noticed Iraed the pandemonium lord
134306 | Zig:26   | Noticed Xaih the pandemonium lord
134306 | Zig:26   | Noticed Querch Reicu the pandemonium lord
134306 | Zig:26   | Noticed Poyjuzos the pandemonium lord
134307 | Zig:26   | Noticed Igutyoc the pandemonium lord
134308 | Zig:26   | Noticed Extelera the pandemonium lord
134308 | Zig:26   | Noticed Laruosko the pandemonium lord
134309 | Zig:26   | Noticed Cehivvig the pandemonium lord
134309 | Zig:26   | Noticed Lyriupn the pandemonium lord
134309 | Zig:26   | Noticed Naemuy the pandemonium lord
134309 | Zig:26   | Noticed Emai the pandemonium lord
134310 | Zig:26   | Noticed Okkiv the pandemonium lord
134310 | Zig:26   | Noticed Qeschy the pandemonium lord
134312 | Zig:26   | Noticed Hizan the pandemonium lord
134312 | Zig:26   | Noticed Dapsan the pandemonium lord
134315 | Zig:26   | Noticed Vire the pandemonium lord
134315 | Zig:26   | Noticed Todilepn the pandemonium lord
134318 | Zig:26   | Killed Laruosko the pandemonium lord
134323 | Zig:26   | Noticed Roogal the pandemonium lord
134324 | Zig:26   | Noticed Ujaufi the pandemonium lord
134324 | Zig:26   | Noticed Zoopromo the pandemonium lord
134324 | Zig:26   | Noticed Hossauqy the pandemonium lord
134324 | Zig:26   | Noticed Raha the pandemonium lord
134337 | Zig:26   | Paralysed by a giant eyeball for 3 turns
134343 | Zig:27   | Entered Level 27 of a ziggurat
134548 | Zig:27   | Gained mutation: Your spells are a little easier to cast, but a little less powerful. [a neqoxec]
134799 | Zig:27   | Got a faintly humming chain mail
134810 | Zig:27   | Identified the +1 chain mail of Death Resistance {+Inv rF- MR++ Slay+3} (You found it on level 27 of a ziggurat)
134812 | Zig:27   | Got a heavily runed scale mail
134823 | Zig:27   | Identified the +3 scale mail of Raedo {rC+ Regen+ Int-2 Dex+4} (You found it on level 27 of a ziggurat)
134846 | Zig:27   | Identified a +5 rod of the swarm (9/9) (You found it on level 27 of a ziggurat)
134851 | Zig:27   | Identified Lotall's Volume of Translocation (You found it on level 27 of a ziggurat)
134854 | Zig:27   | Learned a level 1 spell: Apportation
135094 | Pan      | Noticed Camets the pandemonium lord
135569 | Pan      | Paralysed by a giant eyeball for 4 turns
135578 | Pan      | Paralysed by a giant eyeball for 4 turns
135586 | Pan      | Killed Camets the pandemonium lord
135661 | Pan      | Found an exit through the horrors of the Abyss.
136346 | Depths:1 | Escaped Pandemonium
136555 | Hell     | Bought a scroll of brand weapon for 240 gold pieces
136570 | Hell     | Lost mutation: Your spells are a little easier to cast, but a little less powerful. [potion of cure mutation]
136570 | Hell     | Lost mutation: Armour fits poorly on your strangely shaped body. [potion of cure mutation]
136571 | Hell     | Gained mutation: You passively map a small area around you. [potion of beneficial mutation]
136619 | Hell     | Identified the cursed +1 robe "Doshrach" {+Inv MP+9 Str+2 Stlth+} (You bought it in a shop in the Vestibule of Hell)
136672 | Pan      | Entered Pandemonium
136973 | Pan      | Found an exit through the horrors of the Abyss.
138151 | Pan      | Found an exit through the horrors of the Abyss.
138292 | Pan      | Noticed Fourad the pandemonium lord
138318 | Pan      | Killed Fourad the pandemonium lord
138470 | Pan      | Noticed Midyukhu the pandemonium lord
138498 | Pan      | Killed Midyukhu the pandemonium lord
138498 | Pan      | Reached skill level 27 in Fighting
138619 | Pan      | Found an exit through the horrors of the Abyss.
138631 | Pan      | Noticed Xeatuoll the pandemonium lord
138660 | Pan      | Killed Xeatuoll the pandemonium lord
138860 | Pan      | Reached skill level 27 in Stealth
138900 | Pan      | Noticed Cousk the pandemonium lord
138939 | Pan      | Killed Cousk the pandemonium lord
139457 | Pan      | Found an exit through the horrors of the Abyss.
139515 | Pan      | Got a heavily runed brass ring
139517 | Pan      | Identified the ring of the Lizard {rC- Str+3 Int+3 Dex+2 SInv} (You found it in Pandemonium)
139528 | Depths:1 | Escaped Pandemonium
139543 | Pan      | Entered Pandemonium
139721 | Pan      | Entered the realm of Lom Lobon.
139840 | Pan      | Found an exit through the horrors of the Abyss.
140097 | Pan      | Noticed Lom Lobon
140104 | Pan      | Killed Lom Lobon
140192 | Pan      | Got a magical rune of Zot
140748 | Pan      | Found an exit through the horrors of the Abyss.
140820 | Pan      | Noticed Wuarem the pandemonium lord
140832 | Pan      | Killed Wuarem the pandemonium lord
141071 | Pan      | Found an exit through the horrors of the Abyss.
141135 | Pan      | Noticed Ifesugg the pandemonium lord
141149 | Pan      | Killed Ifesugg the pandemonium lord
141662 | Pan      | Found a huge runed gate.
141672 | Pan      | Noticed Xohaophiu the pandemonium lord
141698 | Pan      | Killed Xohaophiu the pandemonium lord
141818 | Pan      | Gained mutation: Your magical capacity is low (-10% MP). [a cacodemon]
142097 | Pan      | Noticed Ignacio
142102 | Pan      | Killed Ignacio
142599 | Pan      | Found an exit through the horrors of the Abyss.
142666 | Pan      | Noticed Jiapnu the pandemonium lord
142676 | Pan      | Killed Jiapnu the pandemonium lord
142750 | Pan      | Gained mutation: You are frail (-10% HP). [a neqoxec]
142827 | Pan      | Got a fine lead amulet
142828 | Pan      | Identified the amulet of Suiz {+Rage rC++ Int+3} (You found it in Pandemonium)
143116 | Pan      | Noticed Zumunlech the pandemonium lord
143142 | Pan      | Killed Zumunlech the pandemonium lord
143323 | Pan      | Noticed Dylul the pandemonium lord
143336 | Pan      | Killed Dylul the pandemonium lord
143763 | Pan      | Got a pair of steaming gloves
143774 | Pan      | Identified the +2 pair of gloves "Xuhig" {+Blink Dex+2 SInv Stlth+} (You found it in Pandemonium)
143994 | Pan      | Found a glowing silver altar of Zin.
144062 | Pan      | Reached skill level 27 in Dodging
144291 | Pan      | Noticed a seraph
144328 | Pan      | Killed a seraph
144343 | Pan      | Found a glowing golden altar of the Shining One.
144417 | Pan      | Got a dazzling chain mail
144428 | Pan      | Identified the cursed +1 chain mail "Dikkazy" {rF+ rC+ MP+9} (You took it off a cherub in Pandemonium)
144483 | Pan      | Identified the Collected Works on Flight
145362 | Pan      | Found a white marble altar of Elyvilon.
145758 | Depths:1 | Escaped Pandemonium
145762 | Depths:1 | Bought a crude great sword for 414 gold pieces
145773 | Depths:1 | Identified the +1 great sword of Accord {slice, Dex+2} (You bought it in a shop on level 1 of the Depths)
146119 | Hell     | Lost mutation: You are frail (-10% HP). [potion of cure mutation]
146119 | Hell     | Lost mutation: Your magical capacity is low (-10% MP). [potion of cure mutation]
146119 | Hell     | Lost mutation: You passively map a small area around you. [potion of cure mutation]
146125 | Hell     | Upgraded the game from 0.17-a0-2073-gde5cdba to 0.17-a0-2093-gc772f4b
146459 | Zot:5    | Noticed an ancient lich
146471 | Zot:5    | Killed an ancient lich
146490 | Zot:5    | Noticed an ancient lich
146494 | Zot:5    | Noticed an ancient lich
146496 | Zot:5    | Noticed an orb of fire
146520 | Zot:5    | Killed an orb of fire
146521 | Zot:5    | Killed an ancient lich
146526 | Zot:5    | Killed an ancient lich
146530 | Zot:5    | Noticed an ancient lich
146544 | Zot:5    | Killed an ancient lich
146623 | Zot:5    | Noticed an orb of fire
146626 | Zot:5    | Noticed an ancient lich
146626 | Zot:5    | Noticed an ancient lich
146629 | Zot:5    | Noticed an orb of fire
146639 | Zot:5    | Killed an orb of fire
146646 | Zot:5    | Killed an ancient lich
146657 | Zot:5    | Killed an orb of fire
146685 | Zot:5    | Killed an ancient lich
146710 | Zot:5    | Noticed an ancient lich
146713 | Zot:5    | Noticed an ancient lich
146728 | Zot:5    | Killed an ancient lich
146731 | Zot:5    | Killed an ancient lich
146851 | Zot:5    | Got a steaming falchion
146852 | Zot:5    | Identified the +12 falchion of the Solstice {slice, -Tele *Corrode rPois rN+} (You found it on level 5 of the Realm of Zot)
146877 | Zot:5    | Got the Orb of Zot
147334 | Depths:3 | Gained mutation: You are frail (-10% HP). [a neqoxec]
147345 | Depths:2 | Lost mutation: You are frail (-10% HP). [potion of cure mutation]
147370 | Depths:2 | Noticed Opniyfig the pandemonium lord
147432 | D:15     | Noticed Homuapse the pandemonium lord
147471 | D:12     | Noticed Asegyut the pandemonium lord
147802 | D:$      | Escaped with the Orb!

Vault maps used:
D:1:      minmay_arrival_widening_spiral_wide, minivault_23
D:2:      overflow_temple_1_default, vehumet_crystals
D:3:      cheibriados_altar_1, first_bread, uniq_terence
D:4:      gup_sewer_entry_spiral, grunt_dithmenos_shadows
D:6:      minmay_temple_entry_hall, serial_shops, shop, st_stairs_6
D:7:      enter_bailey_3, serial_shops, shop
D:8:      david_lair_shrubbed, serial_glass, glass_columns_b, glass_columns_c,
          feat_on_display, minmay_strange_pillars, due_unseen_surprise,
          item_on_display_a, enter_ossuary_1, serial_shops,
          nicolae_shop_statue_plus, uniq_prince_ribbit1
D:9:      hangedman_tell_no_tales, makhleb_blood_cavern_becter
D:11:     orc_0_dummy, lab_entry_generic, uniq_fannar
D:12:     uniq_azrael
D:13:     enter_trove_5, serial_shops, shop, kennysheep_generic_room_10
D:14:     lightli_vaults_fourway_checkpoint, basic_altar, minivault_26,
          minmay_misc_feat_iff, minmay_strange_pillars
D:15:     grunt_enter_depths_giant_problem, fedhas_altar_3
Temple:   nicolae_temple_elliptical
Lair:1:   beast_lair_carwin_large_3, kb_xom_exploding_sheep, uniq_nergalle,
          uniq_erica
Lair:2:   grunt_forest_large_clearings
Lair:4:   nicolae_volcano_entry_batcave, infiniplex_staircase_pool
Lair:5:   nicolae_swamp_entry_splash_gauntlet, guppyfry_snake_entry_island,
          patterned_corridor, serial_bayou_shore_b, grunt_megastairs_3
Lair:6:   minmay_slime_entry_pillars, lemuel_oklob_altar, lemuel_fruit_tree,
          grunt_megastairs_4, infiniplex_staircase_pool_2, uniq_josephine
Lair:8:   evil_forest, pond
Swamp:1:  nicolae_swamp_very_dense_foliage
Swamp:2:  evilmike_swamp_ruin_house_5, swamp_pool4
Swamp:3:  hangedman_swamp_pad, swamp_pool1, uniq_roxanne, uniq_kirke,
          uniq_donald
Swamp:4:  swamp_icy, uniq_jorgrun
Snake:1:  uniq_frances
Snake:2:  uniq_vashnia
Snake:3:  serial_shops, bzr_entry_road, grunt_ministairs_5
Snake:4:  minmay_snake_end_coiled, uniq_aizul
Slime:3:  cheibrodos_slime_lost_civilization_3
Orc:3:    nicolae_orc_pool_cavern, minmay_orc_temple_c
Orc:4:    st_orc_open, basic_altar
Elf:1:    eino_elf_arrival_shootout, serial_shops, shop, minmay_elf_necromancy,
          st_stairs_9, nicolae_elf_glass_and_crystal_pillar_2
Elf:3:    elf_hall, onia_ninara_cookie
Vaults:1: v_pattern_3, hangedman_vaults_nodes, nicolae_vaults_what_the_h,
          ontoclasm_vaults_gateway, v_rooms_4, nicolae_vaults_disjoint_gnomons,
          vaults_room_door_hall, vaults_dpeg_cross, vaults_mumra_bighexcomb,
          nicolae_vaults_little_squares_6, vaults_room_door_ring, serial_shops,
          shop
Vaults:2: vaults_room_pools, minmay_crypt_entry_simple_corners,
          ontoclasm_vaults_tryst, vaults_mumra_hex, hangedman_vaults_snaps,
          nicolae_vaults_little_ls, grunt_vaults_hallway_short,
          ontoclasm_vaults_chip, nicolae_vaults_asterisk, vaults_room_pools,
          serial_shops, shop
Vaults:3: grunt_tower_of_power, nicolae_vaults_ninety_degrees,
          ontoclasm_vaults_misaligned, nicolae_vaults_border_crossing,
          v_misc_19, nicolae_vaults_alarming,
          vaults_standard_mumra_enter_the_diamond, hangedman_vaults_impose,
          nicolae_vaults_little_squares_2, v_alt_pattern_4,
          ontoclasm_vaults_claustrophobia, uniq_wiglaf
Vaults:4: vaults_room_door_ring, hangedman_vaults_trim, v_misc_27, v_misc_32,
          v_misc_29, v_misc_16, v_misc_13, dpeg_vaults_monster_box,
          vaults_standard_mumra_enter_the_diamond, nicolae_vaults_minivaults,
          vaults_room_stairs_pillars, ontoclasm_vaults_pinch, vaults_dpeg_ring,
          nicolae_vaults_little_squares_3
Crypt:1:  basic_altar
Crypt:2:  uniq_margery
Crypt:3:  evilmike_haunted_forest
Tomb:1:   uniq_sojobo, uniq_khufu
Depths:1: enter_ziggurat_d, hell_entry, serial_shops, nicolae_shop_trees,
          shop_statue, nicolae_shop_waterfront, nicolae_shop_stone, shop,
          pan_entry, hangedman_abyss_or_decor_lesser_grid, bh_walls_and_bars
Depths:2: evilmike_diamond_2, hell_entry, minmay_misc_feat_rugged
Depths:3: minmay_ice_pillars, abyss_entry_small_statue_room,
          serial_sigils_hangedman_confine, grunt_mini_vestibule, pan_entry,
          st_stairs_7, serial_bayou_pond_e, sword_in_stone
Depths:4: hangedman_cross_cluster, pan_entry, minmay_splitting_lines,
          abyss_entry, hangedman_coc_ice_floe, fake_guardian_serpent_vault
Depths:5: grunt_crosshair, hangedman_tar_grid_catacomb, uniq_mennas
Dis:1:    grunt_megastairs_5
Dis:5:    hangedman_dis_decor_blocks_talon, evilmike_ambush
Dis:7:    iron_city_of_dis
Geh:2:    hangedman_feature_mirror
Geh:7:    geh_mu
Coc:2:    minmay_fire_ice_demons
Coc:7:    coc_dpeg
Tar:2:    evilmike_ambush
Tar:4:    nicolae_tar_cuneiform_not, door_vault
Tar:6:    nicolae_tar_cuneiform_three
Tar:7:    tar_old
Zot:2:    nicolae_zot_stationary_front, st_stairs_9, grunt_ministairs_6
Zot:3:    stair_cage_line, hangedman_spider_trapstep
Zot:4:    minmay_elemental_castle, grunt_ministairs_15, st_small_dragon_hoard_5
Zot:5:    door_vault
Abyss:3:  evilmike_abyss_rune_seething_chaos, minivault_20
Abyss:4:  evilmike_abyss_exit_mutagenic, bh_abyss_negative,
          hangedman_relentless_pull, evilmike_abyss_rune_curve
Abyss:5:  evilmike_abyss_exit_3, evilmike_abyss_exit_disperse,
          nicolae_abyss_rune_more_like_crabyss, hangedman_abyss_or_decor_clamps
Pan:      rand_demon_9, pan_blood_fountain_small, evilmike_mini_pan_doors_b,
          evilmike_mini_pan_branches, enter_ziggurat_pan_a,
          pan_blood_fountain_2, grunt_pan_frozen_over, pan_blood_fountain_small,
          evilmike_gloorx_vloq_box, pan_blood_fountain_small,
          lemuel_draining_boxes, nicolae_pan_double_arrow, pan_blood_fountain_2,
          grunt_pan_pentagram, pan_blood_fountain, evilmike_mini_pan_doors,
          grunt_pan_sceptre, pan_blood_fountain, nicolae_pan_double_arrow,
          pan_blood_fountain_small, evilmike_mini_pan_doors,
          cerebov_grunt_fire_and_steel, evilmike_mini_pan_corner,
          pan_captured_pigsty, rand_demon_2, nicolae_pan_mnolegish_4,
          rand_demon_2, nicolae_pan_lom_lobonic_2, nicolae_pan_double_arrow,
          evilmike_mini_pan_layers, mnoleg, nicolae_pan_hourglass,
          enter_ziggurat_pan_a, lemuel_hellion_island,
          evilmike_mini_pan_pillars, rand_demon_2, reaverb_pan_figure_eight,
          evilmike_mini_pan_other_thingy, evilmike_mini_pan_diamond,
          rand_demon_8, rand_demon_8, evilmike_mini_pan_thingy,
          evilmike_mini_pan_layers, lom_lobon_st, nicolae_pan_cerebovesque_2,
          evilmike_mini_pan_other_thingy, grunt_pan_pentagram,
          reaverb_pan_chaos_star, evilmike_mini_pan_V, pan_blood_fountain_small,
          nicolae_pan_giant_door, pan_blood_fountain_2,
          nicolae_pan_gloorx_vloqian_4, evilmike_mini_pan_layers, uniq_ignacio,
          nicolae_pan_lom_lobonic_1, nicolae_pan_strange_glyphs, pan_surprise,
          evilmike_mini_pan_pillars, rand_demon_3, pan_blood_fountain_small,
          nicolae_pan_hourglass, rand_demon_5, pan_blood_fountain,
          evilmike_holy_pan
Zig:6:    ziggurat_pillar_centre_smoke
Zig:11:   ziggurat_pillar_centre_c
Zig:12:   ziggurat_pillar_centre_dead_trees
Zig:14:   ziggurat_pillar_centre_drop
Zig:16:   ziggurat_pillar_centre_oklobs
Zig:18:   ziggurat_pillar_centre_more_plants
Bazaar:   bazaar_jpeg_circle_common
Trove:    trove_armour_2
Ossuary:  minmay_ossuary_gauntlet
Bailey:   bailey_polearm_5, bailey
Volcano:  volcano_pools

Action                   |  1- 3 |  4- 6 |  7- 9 | 10-12 | 13-15 | 16-18 | 19-21 | 22-24 | 25-27 || total
-------------------------+-------+-------+-------+-------+-------+-------+-------+-------+-------++-------
Melee: Dagger            |    56 |   109 |   135 |    93 |       |       |       |       |       ||   393
       Short sword       |       |       |   177 |  1077 |   941 |       |       |       |       ||  2195
       Scimitar          |       |       |       |       |     9 |       |       |       |       ||     9
       Rapier            |       |       |       |       |   795 |   642 |       |   134 |    11 ||  1582
       Quick blade       |       |       |       |       |       |   303 |  2039 |  1762 | 20688 || 24792
 Fire: Blowgun           |    21 |    25 |    87 |    57 |     8 |     6 |       |     2 |       ||   206
Throw: Stone             |     1 |       |     1 |     1 |       |       |       |       |       ||     3
       Javelin           |       |       |       |       |       |     5 |       |       |       ||     5
 Cast: Ozocubu's Armour  |       |       |       |     1 |     1 |     1 |     4 |    11 |    47 ||    65
       Excruciating Woun |       |       |       |       |       |       |    14 |    16 |    28 ||    58
       Shroud of Golubri |       |       |       |       |       |       |     4 |     3 |    14 ||    21
       Dispel Undead     |       |       |       |       |       |       |       |       |     8 ||     8
       Regeneration      |       |       |       |       |       |       |       |       |    63 ||    63
       Mass Confusion    |       |       |       |       |       |       |       |       |    23 ||    23
       Song of Slaying   |       |       |       |       |       |       |       |       |    22 ||    22
       Control Undead    |       |       |       |       |       |       |       |       |    21 ||    21
       Necromutation     |       |       |       |       |       |       |       |       |    13 ||    13
       Phase Shift       |       |       |       |       |       |       |       |       |     9 ||     9
       Darkness          |       |       |       |       |       |       |       |       |     6 ||     6
       Warp Weapon       |       |       |       |       |       |       |       |       |     4 ||     4
       Death Channel     |       |       |       |       |       |       |       |       |     2 ||     2
       Spectral Weapon   |       |       |       |       |       |       |       |       |     2 ||     2
       Haste             |       |       |       |       |       |       |       |       |     1 ||     1
Invok: Potion Petition   |       |       |     1 |       |       |       |       |       |       ||     1
       Call Merchant     |       |       |       |     3 |     3 |     1 |     3 |     2 |    17 ||    29
 Abil: Evoke Invisibilit |       |       |       |       |     2 |       |       |       |     1 ||     3
       Evoke Flight      |       |       |       |       |       |       |     1 |       |     2 ||     3
       Evoke Blink       |       |       |       |       |       |       |       |       |     7 ||     7
Evoke: Wand              |       |       |     1 |     3 |     1 |     2 |       |       |    52 ||    59
       Rod               |       |       |       |       |       |       |       |       |     2 ||     2
  Use: Scroll            |     1 |     9 |     7 |    10 |     6 |    20 |     5 |     6 |   109 ||   173
       Potion            |       |       |     1 |     3 |     2 |     3 |       |       |    38 ||    47
 Stab: Sleeping          |     6 |     9 |    17 |    43 |    94 |    34 |    46 |    16 |   421 ||   686
       Distracted        |       |       |     7 |    13 |    38 |    15 |    38 |    31 |   724 ||   866
       Invisible         |       |       |     2 |     5 |     4 |       |       |       |    10 ||    21
       Confused          |       |       |       |       |       |       |       |       |     9 ||     9
       Petrified         |       |       |       |       |       |       |       |       |     5 ||     5
       Paralysed         |       |       |       |       |       |       |       |       |     1 ||     1
  Eat: Chunk             |     2 |     5 |     7 |       |       |       |       |       |       ||    14
       Fruit             |       |       |     3 |    10 |    26 |     4 |       |     4 |    38 ||    85
       Beef jerky        |       |       |     2 |     3 |     4 |     1 |     1 |     1 |    20 ||    32
       Pizza             |       |       |     1 |     1 |     1 |     1 |       |       |    12 ||    16
       Meat ration       |       |       |       |     1 |     1 |     2 |     6 |     4 |    31 ||    45
       Royal jelly       |       |       |       |     4 |     2 |     1 |       |       |    16 ||    23
       Bread ration      |       |       |       |     1 |     1 |     1 |     1 |     1 |    16 ||    21
